Workbook

Sheet ССР баз
B1: Заказчик | C1: ГКУ "Технический центр Департамента культуры города Москвы"
D2: (наименование организации)
B3: Утвержден | C3: "__"______________20__ г.
B5: Сводный сметный расчет в сумме | D5: =H164 -> 12460.392 | G5: тыс. руб.
B7: в том числе возвратных сумм | G7: тыс. руб.
B10: ссылка на документ об утверждении
B11: "__"______________20__ г.
A12: СВОДНЫЙ СМЕТНЫЙ РАСЧЕТ СТОИМОСТИ СТРОИТЕЛЬСТВА
A14: Корректировка проектной документации на капитальный ремонт ГБУДО г. Москвы «ДШИ «СТАРТ» по адресу: г. Москва, Глазовский переулок пер. 4, стр. 8
A15: (наименование стройки)
C17: Составлен в ценах по состоянию на 1 января 2000 г.
B19: Номера | D19: Сметная стоимость, тыс.руб. | H19: Общая
A20: № | B20: сметных | C20: Наименование глав, объектов, | D20: строи- | E20: монтажных | F20: оборудова- | G20: прочих | H20: сметная
A21: п/п | B21: расчетов | C21: работ и затрат | D21: тельных | E21: работ | F21: ния, мебели, | G21: затрат | H21: стоимость
B22: и смет | D22: работ | F22: инвентаря
A23: 1 | B23: 2 | C23: 3 | D23: 4 | E23: 5 | F23: 6 | G23: 7 | H23: 8
C24: Глава 1. Подготовка территории строительства.
A25: 1 | C25: ИТОГО ПО ГЛАВЕ 1, в том числе | D25: 0 | E25: 0 | F25: 0 | G25: 0 | H25: 0
C26: Глава 2. Основные объекты строительства.
A27: 2 | B27: ОС №02-01 | C27: Корректировка проектной документации на капитальный ремонт ГБУДО г. Москвы «ДШИ «СТАРТ» по адресу: г. Москва, Глазовский переулок пер. 4, стр. 8 | D27: =D28+D29+D30 -> 6176.456 | E27: =E28+E29+E30 -> 619.04913 | F27: =F28+F29+F30 -> 2117.0004 | G27: =G28+G29+G30 -> 14.33952 | H27: =H28+H29+H30 -> 8926.845
C28: По утвержденной смете | D28: ='ОСР_02-01 баз'!D81 -> 2412.86 | E28: ='ОСР_02-01 баз'!E81 -> 425.08 | F28: ='ОСР_02-01 баз'!F81 -> 2070.31 | G28: ='ОСР_02-01 баз'!G81 -> 49.08 | H28: =SUM(D28:G28) -> 4957.33
C29: Исключенные работы | D29: =('ОСР_02-01 баз'!D82) -> -1135.544 | E29: =('ОСР_02-01 баз'!E82) -> -311.54087 | F29: =('ОСР_02-01 баз'!F82) -> -2028.5596 | G29: =('ОСР_02-01 баз'!G82) -> -37.09048 | H29: =(SUM(D29:G29)) -> -3512.735
C30: Добавленные работы | D30: ='ОСР_02-01 баз'!D83 -> 4899.14 | E30: ='ОСР_02-01 баз'!E83 -> 505.51 | F30: ='ОСР_02-01 баз'!F83 -> 2075.25 | G30: ='ОСР_02-01 баз'!G83 -> 2.35 | H30: =SUM(D30:G30) -> 7482.25
A31: 3 | C31: ИТОГО ПО ГЛАВЕ 2, в том числе | D31: =D32+D33+D34 -> 6176.456 | E31: =E32+E33+E34 -> 619.04913 | F31: =F32+F33+F34 -> 2117.0004 | G31: =G32+G33+G34 -> 14.33952 | H31: =H32+H33+H34 -> 8926.845
C32: По утвержденной смете | D32: =D28 -> 2412.86 | E32: =E28 -> 425.08 | F32: =F28 -> 2070.31 | G32: =G28 -> 49.08 | H32: =H28 -> 4957.33
C33: Исключенные работы | D33: =D29 -> -1135.544 | E33: =E29 -> -311.54087 | F33: =F29 -> -2028.5596 | G33: =G29 -> -37.09048 | H33: =H29 -> -3512.735
C34: Добавленные работы | D34: =D30 -> 4899.14 | E34: =E30 -> 505.51 | F34: =F30 -> 2075.25 | G34: =G30 -> 2.35 | H34: =H30 -> 7482.25
C35: Глава 4. Объекты энергетического хозяйства
A36: 4 | B36: 04-01-01 | C36: Наружное электроосвещение | D36: =D37+D38+D39 -> 30.16 | E36: =E37+E38+E39 -> 3.47 | F36: =F37+F38+F39 -> 1.72 | G36: =G37+G38+G39 -> 0 | H36: =H37+H38+H39 -> 35.35
C37: По утвержденной смете | D37: 0 | E37: 0 | F37: 0 | G37: 0 | H37: =SUM(D37:G37) -> 0 | L37: 3.67 | M37: 585
C38: Исключенные работы | D38: 0 | E38: 0 | F38: 0 | G38: 0 | H38: =SUM(D38:G38) -> 0 | L38: 3.05 | M38: 463
C39: Добавленные работы | D39: 30.16 | E39: 3.47 | F39: 1.72 | G39: 0 | H39: =SUM(D39:G39) -> 35.35 | L39: 0.62 | M39: 109
C40: ИТОГО ПО ГЛАВЕ 4, в том числе | D40: =D41+D42+D43 -> 30.16 | E40: =E41+E42+E43 -> 3.47 | F40: =F41+F42+F43 -> 1.72 | G40: =G41+G42+G43 -> 0 | H40: =H41+H42+H43 -> 35.35 | L40: 0 | M40: 13
C41: По утвержденной смете | D41: =D37 -> 0 | E41: =E37 -> 0 | F41: =F37 -> 0 | G41: =G37 -> 0 | H41: =SUM(D41:G41) -> 0 | L41: 0 | M41: 0
C42: Исключенные работы | D42: =D38 -> 0 | E42: =E38 -> 0 | F42: =F38 -> 0 | G42: =G38 -> 0 | H42: =SUM(D42:G42) -> 0 | L42: 0.44466 | M42: 125.86111
C43: Добавленные работы | D43: =D39 -> 30.16 | E43: =E39 -> 3.47 | F43: =F39 -> 1.72 | G43: =G39 -> 0 | H43: =SUM(D43:G43) -> 35.35
C44: Глава 5. Объекты транспортного хозяйства и связи
A45: 5 | B45: 05-01-01 | C45: Внутриплощадочные сети связи. Добавленные работы | D45: =D46+D47+D48 -> 3.05 | E45: =E46+E47+E48 -> 0.62 | F45: =F46+F47+F48 -> 0 | G45: =G46+G47+G48 -> 0 | H45: =H46+H47+H48 -> 3.67
C46: По утвержденной смете | D46: 0 | E46: 0 | F46: 0 | G46: 0 | H46: =SUM(D46:G46) -> 0
C47: Исключенные работы | D47: 0 | E47: 0 | F47: 0 | G47: 0 | H47: =SUM(D47:G47) -> 0
C48: Добавленные работы | D48: 3.05 | E48: 0.62 | F48: 0 | G48: 0 | H48: =SUM(D48:G48) -> 3.67
C49: ИТОГО ПО ГЛАВЕ 5, в том числе | D49: =D50+D51+D52 -> 3.05 | E49: =E50+E51+E52 -> 0.62 | F49: =F50+F51+F52 -> 0 | G49: =G50+G51+G52 -> 0 | H49: =H50+H51+H52 -> 3.67
C50: По утвержденной смете | D50: =D46 -> 0 | E50: =E46 -> 0 | F50: =F46 -> 0 | G50: =G46 -> 0 | H50: =SUM(D50:G50) -> 0 | L50: 146.55
C51: Исключенные работы | D51: =D47 -> 0 | E51: =E47 -> 0 | F51: =F47 -> 0 | G51: =G47 -> 0 | H51: =SUM(D51:G51) -> 0 | L51: 142.36
C52: Добавленные работы | D52: =D48 -> 3.05 | E52: =E48 -> 0.62 | F52: =F48 -> 0 | G52: =G48 -> 0 | H52: =SUM(D52:G52) -> 3.67 | L52: 2.47
C53: Глава 7. Благоустройство и озеленение территории. | L53: 1.72
A54: 6 | B54: 07-01-01 | C54: Благоустройство (ПЗУ) | D54: =D55+D56+D57 -> 142.36 | E54: =E55+E56+E57 -> 2.47 | F54: =F55+F56+F57 -> 1.72 | G54: =G55+G56+G57 -> 0 | H54: =H55+H56+H57 -> 146.55 | L54: 0
C55: По утвержденной смете | D55: 0 | E55: 0 | F55: 0 | G55: 0 | H55: =SUM(D55:G55) -> 0
C56: Исключенные работы | D56: 0 | E56: 0 | F56: 0 | G56: 0 | H56: =SUM(D56:G56) -> 0
C57: Добавленные работы | D57: 142.36 | E57: 2.47 | F57: 1.72 | G57: 0 | H57: =SUM(D57:G57) -> 146.55
A58: 7 | C58: ИТОГО ПО ГЛАВЕ 7, в том числе | D58: =D59+D60+D61 -> 142.36 | E58: =E59+E60+E61 -> 2.47 | F58: =F59+F60+F61 -> 1.74 | G58: =G59+G60+G61 -> 0 | H58: =H59+H60+H61 -> 146.57
C59: По утвержденной смете | D59: =D55 -> 0 | E59: =E55 -> 0 | F59: =F55 -> 0 | G59: =G55 -> 0 | H59: =SUM(D59:G59) -> 0
C60: Исключенные работы | D60: =D56 -> 0 | E60: =E56 -> 0 | F60: =F56 -> 0 | G60: =G56 -> 0 | H60: =SUM(D60:G60) -> 0
C61: Добавленные работы | D61: =D57 -> 142.36 | E61: =E57 -> 2.47 | F61: 1.74 | G61: =G57 -> 0 | H61: =SUM(D61:G61) -> 146.57
A62: 8 | C62: Итого по главам 1 - 7, в том числе | D62: =D63+D64+D65 -> 6348.976 | E62: =E63+E64+E65 -> 624.98913 | F62: =F63+F64+F65 -> 2120.4604 | G62: =G63+G64+G65 -> 14.33952 | H62: =H63+H64+H65 -> 9108.765
C63: По утвержденной смете | D63: =D32+D41+D59 -> 2412.86 | E63: =E32+E41+E59 -> 425.08 | F63: =F32+F41+F59 -> 2070.31 | G63: =G32+G41+G59 -> 49.08 | H63: =H32+H41+H59 -> 4957.33
C64: Исключаемые работы | D64: =D33+D42+D60 -> -1135.544 | E64: =E33+E42+E60 -> -311.54087 | F64: =F33+F42+F60 -> -2028.5596 | G64: =G33+G42+G60 -> -37.09048 | H64: =H33+H42+H60 -> -3512.735
C65: Добавляемые работы | D65: =D34+D43+D61 -> 5071.66 | E65: =E34+E43+E61 -> 511.45 | F65: =F34+F43+F61 -> 2078.71 | G65: =G34+G43+G61 -> 2.35 | H65: =H34+H43+H61 -> 7664.17
C66: Глава 8. Временные здания и сооружения.
A67: 9 | C67: Затраты на строительство временных зданий и ссоружений | D67: =D68+D69+D70 -> 88.885664 | E67: =E68+E69+E70 -> 8.7498478 | F67: =F68+F69+F70 -> 0 | G67: =G68+G69+G70 -> -0.74851437 | H67: =H68+H69+H70 -> 96.886997
B68: ТСН 2001.10 табл.1, п.22.2 | C68: По утвержденной смете 1,4% | D68: =D63*0.014 -> 33.78004 | E68: =E63*0.014 -> 5.95112 | F68: 0 | G68: 0 | H68: =SUM(D68:G68) -> 39.73116
B69: ТСН 2001.10 табл.1, п.22.2 | C69: Исключенные работы 1,4% | D69: =D64*0.014 -> -15.897616 | E69: =E64*0.014 -> -4.3615722 | F69: 0 | G69: =G64*0.0216 -> -0.80115437 | H69: =SUM(D69:G69) -> -21.060343
B70: МОС.05.05-006.2022, приложение В, табл.В 3., п. 1.1.2 | C70: Добавленные работы 1,4% | D70: =D65*1.4% -> 71.00324 | E70: =E65*1.4% -> 7.1603 | F70: 0 | G70: =G65*2.24% -> 0.05264 | H70: =SUM(D70:G70) -> 78.21618
A71: 10 | C71: ИТОГО ПО ГЛАВЕ 8, в том числе | D71: =D72+D73+D74 -> 88.885664 | E71: =E72+E73+E74 -> 8.7498478 | F71: =F72+F73+F74 -> 0 | G71: =G72+G73+G74 -> -0.74851437 | H71: =H72+H73+H74 -> 96.886997
C72: По утвержденной смете | D72: =D68 -> 33.78004 | E72: =E68 -> 5.95112 | F72: =F68 -> 0 | G72: =G68 -> 0 | H72: =H68 -> 39.73116
C73: Исключенные работы | D73: =D69 -> -15.897616 | E73: =E69 -> -4.3615722 | F73: =F69 -> 0 | G73: =G69 -> -0.80115437 | H73: =H69 -> -21.060343
C74: Добавленные работы | D74: =D70 -> 71.00324 | E74: =E70 -> 7.1603 | F74: =F70 -> 0 | G74: =G70 -> 0.05264 | H74: =H70 -> 78.21618
A75: 11 | C75: ИТОГО ПО ГЛАВАМ 1 - 8, в том числе | D75: =D76+D77+D78 -> 6437.8616 | E75: =E76+E77+E78 -> 633.73898 | F75: =F76+F77+F78 -> 2120.4604 | G75: =G76+G77+G78 -> 13.591006 | H75: =H76+H77+H78 -> 9205.652
C76: По утвержденной смете | D76: =D63+D72 -> 2446.64 | E76: =E63+E72 -> 431.03112 | F76: =F63+F72 -> 2070.31 | G76: =G63+G72 -> 49.08 | H76: =H63+H72 -> 4997.0612
C77: Исключаемые работы | D77: =D64+D73 -> -1151.4416 | E77: =E64+E73 -> -315.90244 | F77: =F64+F73 -> -2028.5596 | G77: =G64+G73 -> -37.891634 | H77: =H64+H73 -> -3533.7953
C78: Добавляемые работы | D78: =D65+D74 -> 5142.6632 | E78: =E65+E74 -> 518.6103 | F78: =F65+F74 -> 2078.71 | G78: =G65+G74 -> 2.40264 | H78: =H65+H74 -> 7742.3862
C79: Глава 9. Прочие работы и затраты.
A80: 12 | C80: Затраты, связанные с вводом объектов в эксплуатацию | D80: =SUM(D81:D82) -> 0 | E80: =SUM(E81:E82) -> 0 | F80: =SUM(F81:F82) -> 0 | G80: =SUM(G81:G82) -> 7.3163291 | H80: =SUM(H81:H82) -> 7.3163291
B81: ТСН-2001.11, табл.1, п.10 | C81: По утвержденной смете Затраты заказчика по вводу объектов в эксплуатацию – 0,5% от итога глав 1-8 | D81: 0 | E81: 0 | F81: 0 | G81: =(D76+E76+F76+G76)*0.5% -> 24.985306 | H81: =SUM(D81:G81) -> 24.985306
B82: ТСН-2001.11, табл.1, п.10 | C82: Исключенные работы Затраты заказчика по вводу объектов в эксплуатацию – 0,5% от итога глав 1-8 | D82: 0 | E82: 0 | F82: 0 | G82: =(D77+E77+F77+G77)*0.5% -> -17.668977 | H82: =SUM(D82:G82) -> -17.668977
C83: Добавленные работы | D83: 0 | E83: 0 | F83: 0 | G83: 0 | H83: =SUM(D83:G83) -> 0
A84: 13 | B84: ОС № 09-01 | C84: Пусконаладочные работы | D84: =SUM(D85:D86) -> 0 | E84: =SUM(E85:E86) -> 0 | F84: =SUM(F85:F86) -> 0 | G84: =SUM(G85:G87) -> 53.74 | H84: =SUM(H85:H87) -> 53.74
C85: По утвержденной смете | D85: ='ОСР_09-01 баз'!D45 -> 0 | E85: ='ОСР_09-01 баз'!E45 -> 0 | F85: ='ОСР_09-01 баз'!F45 -> 0 | G85: ='ОСР_09-01 баз'!G45 -> 0 | H85: =SUM(D85:G85) -> 0
C86: Исключенные работы | D86: ='ОСР_09-01 баз'!D46 -> 0 | E86: ='ОСР_09-01 баз'!E46 -> 0 | F86: ='ОСР_09-01 баз'!F46 -> 0 | G86: ='ОСР_09-01 баз'!G46 -> 0 | H86: =SUM(D86:G86) -> 0
C87: Добавленные работы | D87: ='ОСР_09-01 баз'!D47 -> 0 | E87: ='ОСР_09-01 баз'!E47 -> 0 | F87: ='ОСР_09-01 баз'!F47 -> 0 | G87: ='ОСР_09-01 баз'!G47 -> 53.74 | H87: =SUM(D87:G87) -> 53.74
A88: 14 | B88: ОС № 09-02 | C88: Утилизация отходов | D88: =SUM(D89:D90) -> 0 | E88: =SUM(E89:E90) -> 0 | F88: =SUM(F89:F90) -> 0 | G88: =SUM(G89:G91) -> 87.89 | H88: =SUM(H89:H91) -> 87.89
C89: По утвержденной смете | D89: ='ОСР_09-02 баз '!D37 -> 0 | E89: ='ОСР_09-02 баз '!E37 -> 0 | F89: ='ОСР_09-02 баз '!F37 -> 0 | G89: ='ОСР_09-02 баз '!G37 -> 0 | H89: =SUM(D89:G89) -> 0
C90: Исключенные работы | D90: ='ОСР_09-02 баз '!D38 -> 0 | E90: ='ОСР_09-02 баз '!E38 -> 0 | F90: ='ОСР_09-02 баз '!F38 -> 0 | G90: ='ОСР_09-02 баз '!G38 -> 0 | H90: =SUM(D90:G90) -> 0
C91: Добавленные работы | D91: ='ОСР_09-02 баз '!D39 -> 0 | E91: ='ОСР_09-02 баз '!E39 -> 0 | F91: ='ОСР_09-02 баз '!F39 -> 0 | G91: ='ОСР_09-02 баз '!G39 -> 87.89 | H91: =SUM(D91:G91) -> 87.89
A92: 15 | B92: РП Москвы от 24 марта 2022 г. N 189-РП | C92: Затраты на услуги банка по предоставлению банковской гарантии для обеспечения исполнения государственного контракта (контракта), договора в размере 0,9% от стоимости строительно-монтажных работ (графы 4 и 5) по итогу глав 1 - 8 | D92: =SUM(D93:D94) -> 0 | E92: =SUM(E93:E94) -> 0 | F92: =SUM(F93:F94) -> 0 | G92: =SUM(G93:G95) -> 50.951462 | H92: =SUM(H93:H95) -> 50.951462
C93: По утвержденной смете | D93: 0 | E93: 0 | F93: 0 | G93: 0 | H93: =SUM(D93:G93) -> 0
C94: Исключенные работы | D94: 0 | E94: 0 | F94: 0 | G94: 0 | H94: =SUM(D94:G94) -> 0
B95: ТСН-2001.11, табл.1, п.17 | C95: Добавленные работы | D95: 0 | E95: 0 | F95: 0 | G95: =(D78+E78)*0.9% -> 50.951462 | H95: =SUM(D95:G95) -> 50.951462
A96: 16 | C96: ИТОГО ПО ГЛАВЕ 9, в том числе | D96: =D97+D98+D99 -> 0 | E96: =SUM(E97:E99) -> 0 | F96: =SUM(F97:F99) -> 0 | G96: =SUM(G97:G99) -> 199.89779 | H96: =SUM(H97:H99) -> 199.89779
C97: По утвержденной смете | D97: =D81+D85+D89+D93 -> 0 | E97: =E81+E85+E89+E93 -> 0 | F97: =F81+F85+F89+F93 -> 0 | G97: =G81+G85+G89+G93 -> 24.985306 | H97: =H81+H85+H89+H93 -> 24.985306
C98: Исключенные работы | D98: =D82+D86+D90+D94 -> 0 | E98: =E82+E86+E90+E94 -> 0 | F98: =F82+F86+F90+F94 -> 0 | G98: =G82+G86+G90+G94 -> -17.668977 | H98: =H82+H86+H90+H94 -> -17.668977
C99: Добавленные работы | D99: =D87+D91+D95 -> 0 | E99: =E87+E91+E95 -> 0 | F99: =F87+F91+F95 -> 0 | G99: =G83+G87+G91+G95 -> 192.58146 | H99: =H83+H87+H91+H95 -> 192.58146
A100: 17 | C100: ИТОГО ПО ГЛАВАМ 1 - 9, в том числе | D100: =SUM(D101:D103) -> 6437.8616 | E100: =SUM(E101:E103) -> 633.73898 | F100: =SUM(F101:F103) -> 2120.4604 | G100: =SUM(G101:G103) -> 213.4888 | H100: =SUM(H101:H103) -> 9405.5498
C101: По утвержденной смете | D101: =D76+D97 -> 2446.64 | E101: =E76+E97 -> 431.03112 | F101: =F76+F97 -> 2070.31 | G101: =G76+G97 -> 74.065306 | H101: =D101+E101+F101+G101 -> 5022.0465 | L101: =D101+E101+F101+G101 -> 5022.0465
C102: Исключенные работы | D102: =D77+D98 -> -1151.4416 | E102: =E77+E98 -> -315.90244 | F102: =F77+F98 -> -2028.5596 | G102: =G77+G98 -> -55.560611 | H102: =D102+E102+F102+G102 -> -3551.4643
C103: Добавленные работы | D103: =D78+D99 -> 5142.6632 | E103: =E78+E99 -> 518.6103 | F103: =F78+F99 -> 2078.71 | G103: =G78+G99 -> 194.9841 | H103: =D103+E103+F103+G103 -> 7934.9676
C104: Глава 10. Содержание службы заказчика. Строительный контроль.
A105: 18 | B105: Приказ Москомэкспертизы № 80 от 29.08.2014, п. 3, п 4 в ред. приказа от 25.07.2024 № МКЭ-ОД/24-84 | C105: Содержание службы заказчика 1,25% от итога по главам 1-9, К=1,1 | D105: =SUM(D106:D107) -> 0 | E105: =SUM(E106:E107) -> 0 | F105: =SUM(F106:F107) -> 0 | G105: =SUM(G106:G108) -> 129.33 | H105: =SUM(H106:H108) -> 129.33
C106: По утвержденной смете | D106: 0 | E106: 0 | F106: 0 | G106: =ROUND((D101+E101+F101+G101)*1.25%*1.1,2) -> 69.05 | H106: =SUM(D106:G106) -> 69.05
C107: Исключенные работы | D107: 0 | E107: 0 | F107: 0 | G107: =ROUND((D102+E102+F102+G102)*1.25%*1.1,2) -> -48.83 | H107: =SUM(D107:G107) -> -48.83
...

Sheet ССР 3кв_2025
B1: Заказчик | C1: ГКУ "Технический центр Департамента культуры города Москвы"
D2: (наименование организации)
B3: Утвержден | C3: "__"______________20__ г.
B5: Сводный сметный расчет в сумме | D5: =H172 -> 171770.89 | G5: тыс. руб.
B7: в том числе возвратных сумм | D7: =-H180 -> 117.56574 | G7: тыс. руб.
B10: ссылка на документ об утверждении
B11: "__"______________20__ г.
A12: СВОДНЫЙ СМЕТНЫЙ РАСЧЕТ СТОИМОСТИ СТРОИТЕЛЬСТВА
A14: Корректировка проектной документации на капитальный ремонт ГБУДО г. Москвы «ДШИ «СТАРТ» по адресу: г. Москва, Глазовский переулок пер. 4, стр. 8
A15: (наименование стройки)
C17: Составлен в ценах по состоянию на март 2018 г./III квартал 2025 года
B19: Номера | D19: Сметная стоимость, тыс.руб. | H19: Общая
A20: № | B20: сметных | C20: Наименование глав, объектов, | D20: строи- | E20: монтажных | F20: оборудова- | G20: прочих | H20: сметная
A21: п/п | B21: расчетов | C21: работ и затрат | D21: тельных | E21: работ | F21: ния, мебели, | G21: затрат | H21: стоимость
B22: и смет | D22: работ | F22: инвентаря
A23: 1 | B23: 2 | C23: 3 | D23: 4 | E23: 5 | F23: 6 | G23: 7 | H23: 8
C24: Глава 1. Подготовка территории строительства.
A25: 1 | C25: ИТОГО ПО ГЛАВЕ 1, в том числе | D25: 0 | E25: 0 | F25: 0 | G25: 0 | H25: 0
C26: Глава 2. Основные объекты строительства.
A27: 2 | B27: ОС №02-01 | C27: Корректировка проектной документации на капитальный ремонт ГБУДО г. Москвы «ДШИ «СТАРТ» по адресу: г. Москва, Глазовский переулок пер. 4, стр. 8 | D27: =D28+D29+D30 -> 78160.5 | E27: =E28+E29+E30 -> 15227.091 | F27: =F28+F29+F30 -> 27360.428 | G27: =G28+G29+G30 -> 120.08296 | H27: =H28+H29+H30 -> 120868.1
C28: По утвержденной смете | D28: ='ОСР_02-01 тек'!D81 -> 12142.028 | E28: ='ОСР_02-01 тек'!E81 -> 3027.39 | F28: ='ОСР_02-01 тек'!F81 -> 8148.864 | G28: ='ОСР_02-01 тек'!G81 -> 725.00149 | H28: =SUM(D28:G28) -> 24043.283
C29: Исключенные работы | D29: =('ОСР_02-01 тек'!D82) -> -6398.3677 | E29: =('ОСР_02-01 тек'!E82) -> -2013.8155 | F29: =('ОСР_02-01 тек'!F82) -> -8028.4738 | G29: =('ОСР_02-01 тек'!G82) -> -606.66159 | H29: =(SUM(D29:G29)) -> -17047.319
C30: Добавленные работы | D30: ='ОСР_02-01 тек'!D83 -> 72416.84 | E30: ='ОСР_02-01 тек'!E83 -> 14213.517 | F30: ='ОСР_02-01 тек'!F83 -> 27240.038 | G30: ='ОСР_02-01 тек'!G83 -> 1.74306 | H30: =SUM(D30:G30) -> 113872.14
A31: 3 | C31: ИТОГО ПО ГЛАВЕ 2, в том числе | D31: =D32+D33+D34 -> 78160.5 | E31: =E32+E33+E34 -> 15227.091 | F31: =F32+F33+F34 -> 27360.428 | G31: =G32+G33+G34 -> 120.08296 | H31: =H32+H33+H34 -> 120868.1
C32: По утвержденной смете | D32: =D28 -> 12142.028 | E32: =E28 -> 3027.39 | F32: =F28 -> 8148.864 | G32: =G28 -> 725.00149 | H32: =H28 -> 24043.283
C33: Исключенные работы | D33: =D29 -> -6398.3677 | E33: =E29 -> -2013.8155 | F33: =F29 -> -8028.4738 | G33: =G29 -> -606.66159 | H33: =H29 -> -17047.319
C34: Добавленные работы | D34: =D30 -> 72416.84 | E34: =E30 -> 14213.517 | F34: =F30 -> 27240.038 | G34: =G30 -> 1.74306 | H34: =H30 -> 113872.14
C35: Глава 4. Объекты энергетического хозяйства
A36: 4 | B36: 04-01-01 | C36: Наружное электроосвещение | D36: =D37+D38+D39 -> 460.45041 | E36: =E37+E38+E39 -> 64.18774 | F36: =F37+F38+F39 -> 12.99655 | G36: =G37+G38+G39 -> 0 | H36: =H37+H38+H39 -> 537.6347
C37: По утвержденной смете | D37: 0 | E37: 0 | F37: 0 | G37: 0 | H37: =SUM(D37:G37) -> 0
C38: Исключенные работы | D38: 0 | E38: 0 | F38: 0 | G38: 0 | H38: =SUM(D38:G38) -> 0
C39: Добавленные работы | D39: 460.45041 | E39: 64.18774 | F39: 12.99655 | G39: 0 | H39: =SUM(D39:G39) -> 537.6347
C40: ИТОГО ПО ГЛАВЕ 4, в том числе | D40: =D41+D42+D43 -> 460.45041 | E40: =E41+E42+E43 -> 64.18774 | F40: =F41+F42+F43 -> 12.99655 | G40: =G41+G42+G43 -> 0 | H40: =H41+H42+H43 -> 537.6347
C41: По утвержденной смете | D41: =D37 -> 0 | E41: =E37 -> 0 | F41: =F37 -> 0 | G41: =G37 -> 0 | H41: =SUM(D41:G41) -> 0
C42: Исключенные работы | D42: =D38 -> 0 | E42: =E38 -> 0 | F42: =F38 -> 0 | G42: =G38 -> 0 | H42: =SUM(D42:G42) -> 0
C43: Добавленные работы | D43: =D39 -> 460.45041 | E43: =E39 -> 64.18774 | F43: =F39 -> 12.99655 | G43: =G39 -> 0 | H43: =SUM(D43:G43) -> 537.6347
C44: Глава 5. Объекты транспортного хозяйства и связи
A45: 5 | B45: 05-01-01 | C45: Внутриплощадочные сети связи. Добавленные работы | D45: =D46+D47+D48 -> 58.77888 | E45: =E46+E47+E48 -> 24.63538 | F45: =F46+F47+F48 -> 0 | G45: =G46+G47+G48 -> 0 | H45: =H46+H47+H48 -> 83.41426
C46: По утвержденной смете | D46: 0 | E46: 0 | F46: 0 | G46: 0 | H46: =SUM(D46:G46) -> 0
C47: Исключенные работы | D47: 0 | E47: 0 | F47: 0 | G47: 0 | H47: =SUM(D47:G47) -> 0
C48: Добавленные работы | D48: 58.77888 | E48: 24.63538 | F48: 0 | G48: 0 | H48: =SUM(D48:G48) -> 83.41426
C49: ИТОГО ПО ГЛАВЕ 5, в том числе | D49: =D50+D51+D52 -> 58.77888 | E49: =E50+E51+E52 -> 24.63538 | F49: =F50+F51+F52 -> 0 | G49: =G50+G51+G52 -> 0 | H49: =H50+H51+H52 -> 83.41426
C50: По утвержденной смете | D50: =D46 -> 0 | E50: =E46 -> 0 | F50: =F46 -> 0 | G50: =G46 -> 0 | H50: =SUM(D50:G50) -> 0
C51: Исключенные работы | D51: =D47 -> 0 | E51: =E47 -> 0 | F51: =F47 -> 0 | G51: =G47 -> 0 | H51: =SUM(D51:G51) -> 0
C52: Добавленные работы | D52: =D48 -> 58.77888 | E52: =E48 -> 24.63538 | F52: =F48 -> 0 | G52: =G48 -> 0 | H52: =SUM(D52:G52) -> 83.41426
C53: Глава 7. Благоустройство и озеленение территории.
A54: 6 | B54: 07-01-01 | C54: Благоустройство (ПЗУ) | D54: =D55+D56+D57 -> 2663.8027 | E54: =E55+E56+E57 -> 37.74426 | F54: =F55+F56+F57 -> 64.25807 | G54: =G55+G56+G57 -> 0 | H54: =H55+H56+H57 -> 2765.805
C55: По утвержденной смете | D55: 0 | E55: 0 | F55: 0 | G55: 0 | H55: =SUM(D55:G55) -> 0
C56: Исключенные работы | D56: 0 | E56: 0 | F56: 0 | G56: 0 | H56: =SUM(D56:G56) -> 0
C57: Добавленные работы | D57: 2663.8027 | E57: 37.74426 | F57: 64.25807 | G57: 0 | H57: =SUM(D57:G57) -> 2765.805
A58: 7 | C58: ИТОГО ПО ГЛАВЕ 7, в том числе | D58: =D59+D60+D61 -> 2663.8027 | E58: =E59+E60+E61 -> 37.74426 | F58: =F59+F60+F61 -> 64.25807 | G58: =G59+G60+G61 -> 0 | H58: =H59+H60+H61 -> 2765.805
C59: По утвержденной смете | D59: =D55 -> 0 | E59: =E55 -> 0 | F59: =F55 -> 0 | G59: =G55 -> 0 | H59: =SUM(D59:G59) -> 0
C60: Исключенные работы | D60: =D56 -> 0 | E60: =E56 -> 0 | F60: =F56 -> 0 | G60: =G56 -> 0 | H60: =SUM(D60:G60) -> 0
C61: Добавленные работы | D61: =D57 -> 2663.8027 | E61: =E57 -> 37.74426 | F61: =F57 -> 64.25807 | G61: =G57 -> 0 | H61: =SUM(D61:G61) -> 2765.805
A62: 8 | C62: Итого по главам 1 - 7, в том числе | D62: =D63+D64+D65 -> 81343.532 | E62: =E63+E64+E65 -> 15353.659 | F62: =F63+F64+F65 -> 27437.683 | G62: =G63+G64+G65 -> 120.08296 | H62: =H63+H64+H65 -> 124254.96
C63: По утвержденной смете | D63: =D32+D41+D50+D59 -> 12142.028 | E63: =E32+E41+E50+E59 -> 3027.39 | F63: =F32+F41+F50+F59 -> 8148.864 | G63: =G32+G41+G50+G59 -> 725.00149 | H63: =H32+H41+H50+H59 -> 24043.283
C64: Исключаемые работы | D64: =D33+D42+D51+D60 -> -6398.3677 | E64: =E33+E42+E51+E60 -> -2013.8155 | F64: =F33+F42+F51+F60 -> -8028.4738 | G64: =G33+G42+G51+G60 -> -606.66159 | H64: =H33+H42+H51+H60 -> -17047.319
C65: Добавляемые работы | D65: =D34+D43+D52+D61 -> 75599.872 | E65: =E34+E43+E52+E61 -> 14340.084 | F65: =F34+F43+F52+F61 -> 27317.293 | G65: =G34+G43+G52+G61 -> 1.74306 | H65: =H34+H43+H52+H61 -> 117258.99
C66: Глава 8. Временные здания и сооружения.
A67: 9 | C67: Затраты на строительство временных зданий и ссоружений | D67: =D68+D69+D70 -> 1138.8094 | E67: =E68+E69+E70 -> 214.95122 | F67: =F68+F69+F70 -> 0 | G67: =G68+G69+G70 -> 0 | H67: =H68+H69+H70 -> 1353.7607
B68: ТСН 2001.10 табл.1, п.22.2 | C68: По утвержденной смете 1,4% | D68: =D63*0.014 -> 169.98839 | E68: =E63*0.014 -> 42.38346 | F68: 0 | G68: 0 | H68: =SUM(D68:G68) -> 212.37185
B69: ТСН 2001.10 табл.1, п.22.2 | C69: Исключенные работы 1,4% | D69: =D64*0.014 -> -89.577148 | E69: =E64*0.014 -> -28.193417 | F69: 0 | G69: 0 | H69: =SUM(D69:G69) -> -117.77056
B70: МОС.05.05-006.2022, приложение В, табл.В 3., п. 1.1.2 | C70: Добавленные работы 1,4% | D70: =D65*1.4% -> 1058.3982 | E70: =E65*1.4% -> 200.76118 | F70: 0 | G70: 0 | H70: =SUM(D70:G70) -> 1259.1594
A71: 10 | C71: ИТОГО ПО ГЛАВЕ 8, в том числе | D71: =D72+D73+D74 -> 1138.8094 | E71: =E72+E73+E74 -> 214.95122 | F71: =F72+F73+F74 -> 0 | G71: =G72+G73+G74 -> 0 | H71: =H72+H73+H74 -> 1353.7607
C72: По утвержденной смете | D72: =D68 -> 169.98839 | E72: =E68 -> 42.38346 | F72: =F68 -> 0 | G72: =G68 -> 0 | H72: =H68 -> 212.37185
C73: Исключенные работы | D73: =D69 -> -89.577148 | E73: =E69 -> -28.193417 | F73: =F69 -> 0 | G73: =G69 -> 0 | H73: =H69 -> -117.77056
C74: Добавленные работы | D74: =D70 -> 1058.3982 | E74: =E70 -> 200.76118 | F74: =F70 -> 0 | G74: =G70 -> 0 | H74: =H70 -> 1259.1594
A75: 11 | C75: ИТОГО ПО ГЛАВАМ 1 - 8, в том числе | D75: =D76+D77+D78 -> 82482.341 | E75: =E76+E77+E78 -> 15568.61 | F75: =F76+F77+F78 -> 27437.683 | G75: =G76+G77+G78 -> 120.08296 | H75: =H76+H77+H78 -> 125608.72
C76: По утвержденной смете | D76: =D63+D72 -> 12312.016 | E76: =E63+E72 -> 3069.7735 | F76: =F63+F72 -> 8148.864 | G76: =G63+G72 -> 725.00149 | H76: =H63+H72 -> 24255.655
C77: Исключаемые работы | D77: =D64+D73 -> -6487.9448 | E77: =E64+E73 -> -2042.0089 | F77: =F64+F73 -> -8028.4738 | G77: =G64+G73 -> -606.66159 | H77: =H64+H73 -> -17165.089
C78: Добавляемые работы | D78: =D65+D74 -> 76658.27 | E78: =E65+E74 -> 14540.845 | F78: =F65+F74 -> 27317.293 | G78: =G65+G74 -> 1.74306 | H78: =H65+H74 -> 118518.15
C79: Глава 9. Прочие работы и затраты.
A80: 12 | C80: Затраты, связанные с вводом объектов в эксплуатацию | D80: =SUM(D81:D83) -> 0 | E80: =SUM(E81:E83) -> 0 | F80: =SUM(F81:F83) -> 0 | G80: =SUM(G81:G83) -> 35.45283 | H80: =SUM(H81:H83) -> 35.45283
B81: ТСН-2001.11, табл.1, п.10 | C81: По утвержденной смете Затраты заказчика по вводу объектов в эксплуатацию – 0,5% от итога глав 1-8 | D81: 0 | E81: 0 | F81: 0 | G81: =(D76+E76+F76+G76)*0.5% -> 121.27828 | H81: =SUM(D81:G81) -> 121.27828
B82: ТСН-2001.11, табл.1, п.10 | C82: Исключенные работы Затраты заказчика по вводу объектов в эксплуатацию – 0,5% от итога глав 1-8 | D82: 0 | E82: 0 | F82: 0 | G82: =(D77+E77+F77+G77)*0.5% -> -85.825446 | H82: =SUM(D82:G82) -> -85.825446
C83: Добавленные работы | D83: 0 | E83: 0 | F83: 0 | G83: 0 | H83: =SUM(D83:G83) -> 0
A84: 13 | B84: ОС № 09-01 | C84: Пусконаладочные работы | D84: =SUM(D85:D87) -> 0 | E84: =SUM(E85:E87) -> 0 | F84: =SUM(F85:F87) -> 0 | G84: =SUM(G85:G87) -> 2539.9594 | H84: =SUM(H85:H87) -> 2539.9594
C85: По утвержденной смете | D85: ='ОСР_09-01 тек'!D45 -> 0 | E85: ='ОСР_09-01 тек'!E45 -> 0 | F85: ='ОСР_09-01 тек'!F45 -> 0 | G85: ='ОСР_09-01 тек'!G45 -> 0 | H85: =SUM(D85:G85) -> 0
C86: Исключенные работы | D86: ='ОСР_09-01 тек'!D46 -> 0 | E86: ='ОСР_09-01 тек'!E46 -> 0 | F86: ='ОСР_09-01 тек'!F46 -> 0 | G86: ='ОСР_09-01 тек'!G46 -> 0 | H86: =SUM(D86:G86) -> 0
C87: Добавленные работы | D87: ='ОСР_09-01 тек'!D47 -> 0 | E87: ='ОСР_09-01 тек'!E47 -> 0 | F87: ='ОСР_09-01 тек'!F47 -> 0 | G87: ='ОСР_09-01 тек'!G47 -> 2539.9594 | H87: =SUM(D87:G87) -> 2539.9594
A88: 14 | B88: ОС № 09-02 | C88: Утилизация отходов | D88: =SUM(D89:D91) -> 0 | E88: =SUM(E89:E91) -> 0 | F88: =SUM(F89:F91) -> 0 | G88: =SUM(G89:G91) -> 654.44848 | H88: =SUM(H89:H91) -> 654.44848
C89: По утвержденной смете | D89: ='ОСР_09-02 тек'!D37 -> 0 | E89: ='ОСР_09-02 тек'!E37 -> 0 | F89: ='ОСР_09-02 тек'!F37 -> 0 | G89: ='ОСР_09-02 тек'!G37 -> 0 | H89: =SUM(D89:G89) -> 0
C90: Исключенные работы | D90: ='ОСР_09-02 тек'!D38 -> 0 | E90: ='ОСР_09-02 тек'!E38 -> 0 | F90: ='ОСР_09-02 тек'!F38 -> 0 | G90: ='ОСР_09-02 тек'!G38 -> 0 | H90: =SUM(D90:G90) -> 0
C91: Добавленные работы | D91: ='ОСР_09-02 тек'!D39 -> 0 | E91: ='ОСР_09-02 тек'!E39 -> 0 | F91: ='ОСР_09-02 тек'!F39 -> 0 | G91: ='ОСР_09-02 тек'!G39 -> 654.44848 | H91: =SUM(D91:G91) -> 654.44848
A92: 15 | B92: РП Москвы от 24 марта 2022 г. N 189-РП | C92: Затраты на услуги банка по предоставлению банковской гарантии для обеспечения исполнения государственного контракта (контракта), договора в размере 0,9% от стоимости строительно-монтажных работ (графы 4 и 5) по итогу глав 1 - 8 | D92: =SUM(D93:D95) -> 0 | E92: =SUM(E93:E95) -> 0 | F92: =SUM(F93:F95) -> 0 | G92: =SUM(G93:G95) -> 820.79204 | H92: =SUM(H93:H95) -> 820.79204
C93: По утвержденной смете | D93: 0 | E93: 0 | F93: 0 | G93: 0 | H93: =SUM(D93:G93) -> 0
C94: Исключенные работы | D94: 0 | E94: 0 | F94: 0 | G94: 0 | H94: =SUM(D94:G94) -> 0
B95: ТСН-2001.11, табл.1, п.17 | C95: Добавленные работы | D95: 0 | E95: 0 | F95: 0 | G95: =(D78+E78)*0.9% -> 820.79204 | H95: =D95+E95+F95+G95 -> 820.79204 | J95: =D78+E78 -> 91199.115
A96: 16 | C96: ИТОГО ПО ГЛАВЕ 9, в том числе | D96: =D97+D98+D99 -> 0 | E96: =SUM(E97:E99) -> 0 | F96: =SUM(F97:F99) -> 0 | G96: =SUM(G97:G99) -> 4050.6527 | H96: =SUM(H97:H99) -> 4050.6527
C97: По утвержденной смете | D97: =D81+D85+D89+D93 -> 0 | E97: =E81+E85+E89+E93 -> 0 | F97: =F81+F85+F89+F93 -> 0 | G97: =G81+G85+G89+G93 -> 121.27828 | H97: =H81+H85+H89+H93 -> 121.27828
C98: Исключенные работы | D98: =D82+D86+D90+D94 -> 0 | E98: =E82+E86+E90+E94 -> 0 | F98: =F82+F86+F90+F94 -> 0 | G98: =G82+G86+G90+G94 -> -85.825446 | H98: =H82+H86+H90+H94 -> -85.825446
C99: Добавленные работы | D99: =D83+D87+D91+D95 -> 0 | E99: =E83+E87+E91+E95 -> 0 | F99: =F83+F87+F91+F95 -> 0 | G99: =G83+G87+G91+G95 -> 4015.1999 | H99: =H83+H87+H91+H95 -> 4015.1999
A100: 17 | C100: ИТОГО ПО ГЛАВАМ 1 - 9, в том числе | D100: =SUM(D101:D103) -> 82482.341 | E100: =SUM(E101:E103) -> 15568.61 | F100: =SUM(F101:F103) -> 27437.683 | G100: =SUM(G101:G103) -> 4170.7357 | H100: =SUM(H101:H103) -> 129659.37
C101: По утвержденной смете | D101: =D76+D97 -> 12312.016 | E101: =E76+E97 -> 3069.7735 | F101: =F76+F97 -> 8148.864 | G101: =G76+G97 -> 846.27977 | H101: =H76+H97 -> 24376.933 | J101: =D101+E101+F101+G101 -> 24376.933
C102: Исключенные работы | D102: =D77+D98 -> -6487.9448 | E102: =E77+E98 -> -2042.0089 | F102: =F77+F98 -> -8028.4738 | G102: =G77+G98 -> -692.48704 | H102: =H77+H98 -> -17250.915 | J102: =D102+E102+F102+G102 -> -17250.915
C103: Добавленные работы | D103: =D78+D99 -> 76658.27 | E103: =E78+E99 -> 14540.845 | F103: =F78+F99 -> 27317.293 | G103: =G78+G99 -> 4016.943 | H103: =H78+H99 -> 122533.35 | J103: =D103+E103+F103+G103 -> 122533.35
C104: Глава 10. Содержание службы заказчика. Строительный контроль.
A105: 18 | B105: Приказ Москомэкспертизы № 80 от 29.08.2014, п. 3, п 4 в ред. приказа от 25.07.2024 № МКЭ-ОД/24-84 | C105: Содержание службы заказчика 1,25% от итога по главам 1-9, К=1,1 | D105: =SUM(D106:D108) -> 0 | E105: =SUM(E106:E108) -> 0 | F105: =SUM(F106:F108) -> 0 | G105: =SUM(G106:G108) -> 1782.81 | H105: =SUM(H106:H108) -> 1782.81
C106: По утвержденной смете | D106: 0 | E106: 0 | F106: 0 | G106: =ROUND((D101+E101+F101+G101)*1.25%*1.1,2) -> 335.18 | H106: =ROUND(H101*1.25%*1.1,2) -> 335.18
C107: Исключенные работы | D107: 0 | E107: 0 | F107: 0 | G107: =ROUND((D102+E102+F102+G102)*1.25%*1.1,2) -> -237.2 | H107: =ROUND(H102*1.25%*1.1,2) -> -237.2
...

Sheet ОСР_02-01 баз
J2: Форма 3
B4: Корректировка проектной документации на капитальный ремонт ГБУДО г. Москвы «ДШИ «СТАРТ» по адресу: г. Москва, Глазовский переулок пер. 4, стр. 8
B5: (Наименование стройки)
O7: -216.22
A8: ОБЪЕКТНАЯ СМЕТА № | D8: ОС № 02-01 | O8: 0
D9: (объектная смета) | O9: -175.23
O10: -38.86
A11: на строительство (капитальный ремонт) | D11: Корректировка проектной документации на капитальный ремонт ГБУДО г. Москвы «ДШИ «СТАРТ» по адресу: г. Москва, Глазовский переулок пер. 4, стр. 8 | O11: -2.13
O12: -5.74
A13: Сметная стоимость, тыс.руб. | D13: =H80 -> 8926.835 | E13: тыс.руб. | O13: -419.4
Q14: 666.28
A15: Средства на оплату труда | D15: =I80 -> 533.03581 | E15: тыс.руб. | Q15: 469.61
Q16: 0
A17: Расчетный измеритель единичной стоимости | D17: =D13/L17 -> 7.1101832 | E17: тыс. руб./кв.м | L17: 1255.5 | O17: 628.78 | Q17: 194.33
O18: 97.67 | Q18: 2.34
A19: Составлен(а) в ценах по состоянию на 01.01.2000 г. | O19: 334.76 | Q19: 14.82835
O20: 196.35
A21: № п/п | B21: Номера сметных расчетов (смет) | C21: Наименование работ и затрат | D21: Сметная стоимость, тыс.руб. | I21: Средства на оплату труда, тыс. руб. | J21: Показатели единичной стоимости, тыс. руб./кв.м | O21: 0
D22: строите-льных работ | E22: монтажных работ | F22: оборудо-вания, мебели, инвентаря | G22: прочих затрат | H22: Всего | O22: 52.01257
A23: 1 | B23: 2 | C23: 3 | D23: 4 | E23: 5 | F23: 6 | G23: 7 | H23: 8 | I23: 9 | J23: 10
A24: 1 | C24: Строительные работы | J24: =(H25+H26+H27)/$L$17 -> 3.8279411 | Q24: 628.78 | R24: 14371.37
B25: 02-01-01 | C25: По утвержденной смете | D25: 1805.64 | G25: 7.72 | H25: =SUM(D25:G25) -> 1813.36 | I25: 94.01 | Q25: 97.67 | R25: 4825.85
C26: Исключенные работы | D26: -715.91 | E26: 0 | F26: 0 | G26: 0 | H26: =(SUM(D26:G26)) -> -715.91 | I26: -40.1 | Q26: 334.76 | R26: 7981.08
C27: Добавленные работы | D27: 3708.53 | E27: 0 | F27: 0 | G27: 0 | H27: =SUM(D27:G27) -> 3708.53 | I27: 318.21 | Q27: 196.35 | R27: 1564.44
A28: 2 | C28: Электрооборудование и электроосвещение | J28: =(H29+H30+H31)/$L$17 -> 0.57266428 | O28: 3901.81 | Q28: 0 | R28: 0
B29: 02-01-02 | C29: По утвержденной смете | E29: 265.43 | F29: 38.86 | G29: 2.13 | H29: =SUM(D29:G29) -> 306.42 | I29: 20.95 | O29: 3885.12 | Q29: 52.01257 | R29: 2860.1712
C30: Исключенные работы | D30: 0 | E30: =-175.23 -> -175.23 | F30: =-38.86 -> -38.86 | G30: -2.13 | H30: =-216.22 -> -216.22 | I30: =-5.74 -> -5.74 | O30: 16.69
C31: Добавленные работы | D31: 97.67 | E31: 334.76 | F31: 196.35 | G31: 0 | H31: 628.78 | I31: 52.01 | N31: 3708.53 | O31: 0
A32: 3 | C32: Отопление, вентиляция | J32: =(H33+H34+H35)/$L$17 -> 0.6410912 | N32: 3708.53 | O32: 0
B33: 02-01-03 | C33: По утвержденной смете | D33: 454.97 | E33: 18.38 | F33: 303.34 | G33: 28.48 | H33: =SUM(D33:G33) -> 805.17 | I33: 44.2 | N33: 0 | O33: 345.95877 | P33: =SUM(P34:P37) -> -28.86 | Q33: =SUM(Q34:Q37) -> -28.86 | R33: =SUM(R34:R37) -> -28.86
C34: Исключенные работы | D34: =-332.86 -> -332.86 | E34: =-13.34 -> -13.34 | F34: =-291.88 -> -291.88 | G34: =-28.48 -> -28.48 | H34: =-666.56 -> -666.56 | I34: =-34.02 -> -34.02 | N34: 0 | O34: 445.44 | P34: -27.65 | Q34: -27.65 | R34: -27.65
C35: Добавленные работы | D35: 469.61 | E35: 0 | F35: 194.33 | G35: 2.34 | H35: 666.28 | I35: 14.83 | N35: 0 | O35: 201.97 | P35: 0 | Q35: 0 | R35: 0
A36: 4 | C36: Водопровод и канализация | J36: =(H37+H38+H39)/$L$17 -> 0.38772601 | N36: 318.20645 | O36: 2.27 | P36: -1.21 | Q36: -1.21 | R36: -1.21
B37: 02-01-04 | C37: По утвержденной смете | D37: 68.99 | E37: 0 | F37: 1.21 | G37: 0.01 | H37: =SUM(D37:G37) -> 70.21 | I37: 5.64 | O37: 241.19 | P37: 0 | Q37: 0 | R37: 0
C38: Исключенные работы | D38: -27.65 | E38: 0 | F38: =-1.21 -> -1.21 | G38: 0 | H38: =-28.86 -> -28.86 | I38: =-3.49 -> -3.49 | O38: 0.01 | P38: -3.49 | Q38: -3.49 | R38: -3.49
C39: Добавленные работы | D39: 201.97 | E39: 2.27 | F39: 241.19 | G39: 0.01 | H39: 445.44 | I39: 9.06 | O39: 9.06159
A40: 5 | C40: Автоматизация вентиляции | J40: =(H41+H42+H43)/$L$17 -> 0.052816583
B41: 02-01-05 | C41: По утвержденной смете | D41: 0 | E41: 23.25 | F41: 16.4 | G41: 2.13 | H41: =SUM(D41:G41) -> 41.78 | I41: 3.19 | O41: 63.48
C42: Исключенные работы | D42: 0 | E42: =(22548.12/1000)*-1 -> -22.54812 | F42: =(16400.66/1000)*-1 -> -16.40066 | G42: 0 | H42: =SUM(D42:G42) -> -38.94878 | I42: =(2219.98/1000)*-1 -> -2.21998 | O42: 41.22
C43: Добавленные работы | D43: 41.22 | E43: 22.26 | F43: 0 | G43: 0 | H43: =SUM(D43:G43) -> 63.48 | I43: 5.72749 | O43: 22.26
A44: 6 | C44: Технологическое оборудование | J44: =(H45+H46+H47)/$L$17 -> 0.51927519 | N44: =SUM(N45:N48) -> -666.56 | P44: =SUM(P45:P48) -> -4812.03
B45: 02-01-06 | C45: По утвержденной смете | D45: 0.86 | E45: 4.62 | F45: 1200.41 | H45: =SUM(D45:G45) -> 1205.89 | I45: 1.77 | N45: -332.86 | P45: -2.88
C46: Исключенные работы | D46: =-0.19 -> -0.19 | E46: =-0.79 -> -0.79 | F46: =-1174.38 -> -1174.38 | G46: 0 | H46: =SUM(D46:G46) -> -1175.36 | I46: =(325.21/1000)*-1 -> -0.32521 | N46: -13.34 | P46: -11.33
C47: Добавленные работы | D47: 0 | E47: 4.51 | F47: 616.91 | G47: 0 | H47: =SUM(D47:G47) -> 621.42 | I47: 1.5827 | N47: -291.88 | P47: -4797.82
A48: 7 | C48: Система контроля и управления доступом | J48: =(H49+H50+H51)/$L$17 -> 0.14608093 | N48: -28.48 | P48: 0
B49: 02-01-07 | C49: По утвержденной смете | D49: 0.77 | E49: 2.02 | F49: 4.67 | G49: 0.09 | H49: =SUM(D49:G49) -> 7.55 | I49: 0.51 | N49: -34.02 | P49: -6.03
C50: Исключенные работы | D50: =(768.4 /1000)*-1 -> -0.7684 | E50: =(1768.48 /1000)*-1 -> -1.76848 | F50: =(4667.61 /1000)*-1 -> -4.66761 | G50: =(90.9 /1000)*-1 -> -0.0909 | H50: =SUM(D50:G50) -> -7.29539 | I50: =(440.64 /1000)*-1 -> -0.44064 | N50: -24.72 | P50: -24.72
C51: Добавленные работы | D51: 29.29 | E51: 20.52 | F51: 133.34 | G51: 0 | H51: =SUM(D51:G51) -> 183.15 | I51: 5.75 | O51: 0
A52: 8 | C52: Система охранно-пожарной сигнализации и оповещения | J52: =(H53+H54+H55)/$L$17 -> 0.22264436 | M52: 7.3 | N52: 263.93 | O52: 4761.06 | P52: тыс. руб.
B53: 02-01-08 | C53: По утвержденной смете | D53: 5.81 | E53: 58.91 | F53: 229.86 | G53: 2.13 | H53: =SUM(D53:G53) -> 296.71 | I53: 9.37 | M53: 0.77 | N53: 165.93 | O53: 1091.05 | P53: тыс. руб.
C54: Исключенные работы | D54: =5.81*-1 -> -5.81 | E54: =48.54*-1 -> -48.54 | F54: =226.75*-1 -> -226.75 | G54: 0 | H54: -281.11 | I54: =4.97*-1 -> -4.97 | M54: 1.77 | N54: 49.19 | O54: 2000.96 | P54: тыс. руб.
C55: Добавленные работы | D55: 165.93 | E55: 49.19 | F55: 48.81 | G55: 0 | H55: =SUM(D55:G55) -> 263.93 | I55: 13.88 | M55: 4.67 | N55: 48.81 | O55: 1669.05 | P55: тыс. руб.
A56: 9 | C56: Видеонаблюдение | J56: =(H57+H58+H59)/$L$17 -> 0.083560884 | M56: 0.09 | N56: 0 | O56: 0 | P56: тыс. руб.
B57: 02-01-09 | C57: По утвержденной смете | D57: 0.74 | E57: 25.89 | F57: 131.67 | G57: 2.13 | H57: =SUM(D57:G57) -> 160.43 | I57: 3.06 | M57: 0.44 | N57: 13.87538 | O57: 763.00716 | P57: тыс. руб.
C58: Исключенные работы | D58: =(743.11 /1000)*-1 -> -0.74311 | E58: =(24193.89 /1000)*-1 -> -24.19389 | F58: =(131672.52 /1000)*-1 -> -131.67252 | G58: =(2129.79 /1000)*-1 -> -2.12979 | H58: =SUM(D58:G58) -> -158.73931 | I58: =(2494.39 /1000)*-1 -> -2.49439
C59: Добавленные работы | D59: 40.15 | E59: 8.77 | F59: 54.3 | G59: 0 | H59: =SUM(D59:G59) -> 103.22 | I59: 2.37
A60: 10 | B60: 02-01-10 | C60: Сети связи | J60: =(H61+H62+H63)/$L$17 -> 0.15375691 | N60: 192.29 | O60: 3097.48
C61: По утвержденной смете | D61: 15.11 | E61: 13.58 | F61: 122.53 | G61: 2.13 | H61: =SUM(D61:G61) -> 153.35 | I61: 5.41 | N61: 97.28 | O61: 1123.71
C62: Исключенные работы | D62: =(15112.93 /1000)*-1 -> -15.11293 | E62: =(12826.51 /1000)*-1 -> -12.82651 | F62: =(122528.97 /1000)*-1 -> -122.52897 | G62: =(2129.79 /1000)*-1 -> -2.12979 | H62: =SUM(D62:G62) -> -152.5982 | I62: =(5160.37 /1000)*-1 -> -5.16037 | N62: 31.61 | O62: 1198.98
C63: Добавленные работы | D63: 97.28 | E63: 31.61 | F63: 63.4 | G63: 0 | H63: =SUM(D63:G63) -> 192.29 | I63: 8.29 | N63: 63.4 | O63: 774.79
A64: 11 | C64: Охранно-защитная дератизационная система | J64: =(H65+H66+H67)/$L$17 -> 0 | N64: 0 | O64: 0
B65: 02-01-11 | C65: По утвержденной смете | D65: 1.51 | E65: 7.69 | F65: 7.83 | G65: 2.13 | H65: =SUM(D65:G65) -> 19.16 | I65: 2.26 | N65: 8.2873 | O65: 443.95961
C66: Исключенные работы | D66: -1.51 | E66: -7.69 | F66: -7.83 | G66: -2.13 | H66: =SUM(D66:G66) -> -19.16 | I66: -2.26
C67: Добавленные работы | D67: 0 | E67: 0 | F67: 0 | G67: 0 | H67: =SUM(D67:G67) -> 0 | I67: 0
A68: 12 | C68: Оборудование для ММГН | J68: =(H69+H70+H71)/$L$17 -> 0.060108865
B69: 02-01-12 | C69: По утвержденной смете | D69: 58.46 | E69: 5.31 | F69: 13.53 | G69: 0 | H69: =SUM(D69:G69) -> 77.3 | I69: 0.76 | N69: 50.15 | O69: 286.7
C70: Исключенные работы | D70: =(34989.59/1000)*-1 -> -34.98959 | E70: =(4613.87/1000)*-1 -> -4.61387 | F70: =(12379.86/1000)*-1 -> -12.37986 | G70: 0 | H70: =SUM(D70:G70) -> -51.98332 | I70: =(603.79/1000)*-1 -> -0.60379 | N70: 47.46 | O70: 0
C71: Добавленные работы | D71: 47.46 | E71: 2.69 | F71: 0 | G71: 0 | H71: =SUM(D71:G71) -> 50.15 | I71: 0.97 | N71: 2.69 | O71: 0.06
A72: 13 | C72: Мероприятия по антитеррору | J72: =(H73+H74+H75)/$L$17 -> 0.22835524 | N72: 0 | O72: 286.64
C73: По утвержденной смете | D73: 0 | E73: 0 | F73: 0 | G73: 0 | H73: =SUM(D73:G73) -> 0 | I73: 0 | N73: 0 | O73: 0
C74: Исключенные работы | D74: 0 | E74: 0 | F74: 0 | G74: 0 | H74: =SUM(D74:G74) -> 0 | I74: 0 | N74: 0.96549 | O74: 0.02358
B75: 02-01-16 | C75: Добавленные работы | D75: 0 | E75: 0.06 | F75: 286.64 | G75: 0 | H75: =SUM(D75:G75) -> 286.7 | I75: 0.02
A76: 14 | C76: Лифтовое хозяйство | J76: =(H77+H78+H79)/$L$17 -> 0.21416169
C77: По утвержденной смете | D77: 0 | E77: 0 | F77: 0 | G77: 0 | H77: =SUM(D77:G77) -> 0 | I77: 0
C78: Исключенные работы | D78: 0 | E78: 0 | F78: 0 | G78: 0 | H78: =SUM(D78:G78) -> 0 | I78: 0 | N78: 268.88
B79: 02-01-17 | C79: Добавленные работы | D79: 0.03 | E79: 28.87 | F79: 239.98 | G79: 0 | H79: =SUM(D79:G79) -> 268.88 | I79: 11.05 | N79: 0.03
C80: ИТОГО: | D80: =D81+D82+D83 -> 6176.456 | E80: =E81+E82+E83 -> 619.04913 | F80: =F81+F82+F83 -> 2117.0004 | G80: =G81+G82+G83 -> 14.33952 | H80: =H81+H82+H83 -> 8926.835 | I80: =I81+I82+I83 -> 533.03581 | J80: =(H81+H82+H83)/$L$17 -> 7.1101832 | N80: 28.87
C81: По утвержденной смете | D81: =D25+D29+D33+D37+D41+D45+D49+D53+D57+D61+D65+D69+D73+D77 -> 2412.86 | E81: =E25+E29+E33+E37+E41+E45+E49+E53+E57+E61+E65+E69+E73+E77 -> 425.08 | F81: =F25+F29+F33+F37+F41+F45+F49+F53+F57+F61+F65+F69+F73+F77 -> 2070.31 | G81: =G25+G29+G33+G37+G41+G45+G49+G53+G57+G61+G65+G69+G73+G77 -> 49.08 | H81: =H25+H29+H33+H37+H41+H45+H49+H53+H57+H61+H65+H69+H77 -> 4957.33 | I81: =I25+I29+I33+I37+I41+I45+I49+I53+I57+I61+I65+I69+I77 -> 191.13 | N81: 239.98
C82: Исключенные работы | D82: =D26+D30+D34+D38+D42+D46+D50+D54+D58+D62+D66+D70+D78 -> -1135.544 | E82: =E26+E30+E34+E38+E42+E46+E50+E54+E58+E62+E66+E70+E78 -> -311.54087 | F82: =F26+F30+F34+F38+F42+F46+F50+F54+F58+F62+F66+F70+F78 -> -2028.5596 | G82: =G26+G30+G34+G38+G42+G46+G50+G54+G58+G62+G66+G70+G78 -> -37.09048 | H82: =H26+H30+H34+H38+H42+H46+H50+H54+H58+H62+H66+H70+H78 -> -3512.745 | I82: =I26+I30+I34+I38+I42+I46+I50+I54+I58+I62+I66+I70+I78 -> -101.82438 | N82: 0
C83: Добавленные работы | D83: =D27+D31+D35+D39+D43+D47+D51+D55+D59+D63+D67+D71+D75+D79 -> 4899.14 | E83: =E27+E31+E35+E39+E43+E47+E51+E55+E59+E63+E67+E71+E75+E79 -> 505.51 | F83: =F27+F31+F35+F39+F43+F47+F51+F55+F59+F63+F67+F71+F75+F79 -> 2075.25 | G83: =G27+G31+G35+G39+G43+G47+G51+G55+G59+G63+G67+G71+G75+G79 -> 2.35 | H83: =H27+H31+H35+H39+H43+H47+H51+H55+H59+H63+H67+H71+H75+H79 -> 7482.25 | I83: =I27+I31+I35+I39+I43+I47+I51+I55+I59+I63+I67+I71+I79 -> 443.73019 | N83: 11.05373
A88: Главный инженер проекта
A89: С.Е. Михеев
A90: [подпись (инициалы, фамилия)]
A92: Главный инженер
A93: О.В. Новичков
A94: [подпись (инициалы, фамилия)]
A96: Составил
A97: И.А. Козлов
A98: [подпись (инициалы, фамилия)]
A100: Проверил
A101: Д.А. Ададимов
A102: [подпись (инициалы, фамилия)]

Sheet ОСР_02-01 тек
J2: Форма 3
B4: Корректировка проектной документации на капитальный ремонт ГБУДО г. Москвы «ДШИ «СТАРТ» по адресу: г. Москва, Глазовский переулок пер. 4, стр. 8
B5: (Наименование стройки)
A8: ОБЪЕКТНАЯ СМЕТА № | D8: ОС № 02-01
D9: (объектная смета)
A11: на строительство (капитальный ремонт) | D11: Корректировка проектной документации на капитальный ремонт ГБУДО г. Москвы «ДШИ «СТАРТ» по адресу: г. Москва, Глазовский переулок пер. 4, стр. 8
A13: Сметная стоимость, тыс.руб. | D13: =H80 -> 120868.1 | E13: тыс.руб.
A15: Средства на оплату труда | D15: =I80 -> 26008.025 | E15: тыс.руб.
A17: Расчетный измеритель единичной стоимости | D17: =D13/L17 -> 96.27089 | E17: тыс. руб./кв.м | L17: 1255.5
A19: Составлен(а) в смешанном уровне цен по состоянию на март 2018 г. и III квартал 2025 года | P19: 3901.81 | Q19: 70241.88
P20: 3885.12 | Q20: 69996.24
A21: № п/п | B21: Номера сметных расчетов (смет) | C21: Наименование работ и затрат | D21: Сметная стоимость, тыс.руб. | I21: Средства на оплату труда, тыс. руб. | J21: Показатели единичной стоимости, тыс. руб./кв.м | P21: 16.69 | Q21: 245.64
D22: строите-льных работ | E22: монтажных работ | F22: оборудо-вания, мебели, инвентаря | G22: прочих затрат | H22: Всего | P22: 0 | Q22: 0
A23: 1 | B23: 2 | C23: 3 | D23: 4 | E23: 5 | F23: 6 | G23: 7 | H23: 8 | I23: 9 | J23: 10 | P23: 0 | Q23: 0
A24: 1 | C24: Строительные работы | J24: =(H25+H26+H27)/$L$17 -> 48.397045 | P24: 345.95877 | Q24: 19024.273
B25: 02-01-01 | C25: По утвержденной смете | D25: 8525.22 | E25: 0 | F25: 0 | G25: 48.63 | H25: =SUM(D25:G25) -> 8573.85 | I25: 1730.1
C26: Исключенные работы | D26: -3582.6275 | E26: 0 | F26: 0 | G26: 0 | H26: =SUM(D26:G26) -> -3582.6275 | I26: -739.74
C27: Добавленные работы | D27: 55771.268 | E27: 0 | F27: 0 | G27: 0 | H27: =SUM(D27:G27) -> 55771.268 | I27: 17498.17
A28: 2 | C28: Электрооборудование и электроосвещение | J28: =(H29+H30+H31)/$L$17 -> 12.429959 | R28: 666.28 | S28: 6163.5 | U28: 14371.37
B29: 02-01-02 | C29: По утвержденной смете | E29: 1721.77 | F29: 159.71 | G29: 34.83 | H29: =SUM(D29:G29) -> 1916.31 | I29: 383.08 | R29: 469.61 | S29: 3690.16 | U29: 4825.85
C30: Исключенные работы | D30: 0 | E30: -913.35282 | F30: -159.7064 | G30: -34.83095 | H30: =SUM(D30:G30) -> -1107.8902 | I30: =-105.14 -> -105.14 | R30: 0 | S30: 0 | U30: 7981.08
C31: Добавленные работы | D31: 4657.1048 | E31: 8575.8538 | F31: 1564.4356 | G31: 0 | H31: =SUM(D31:G31) -> 14797.394 | I31: 2860.17 | R31: 194.33 | S31: 2435.87 | U31: 1564.44
A32: 3 | C32: Отопление, вентиляция | J32: =(H33+H34+H35)/$L$17 -> 7.1991 | R32: 2.34 | S32: 37.47 | U32: 0
B33: 02-01-03 | C33: По утвержденной смете | D33: 2678 | E33: 249.1 | F33: 1353.84 | G33: 465.85 | H33: =SUM(D33:G33) -> 4746.79 | I33: 819.9 | S33: 792.93713 | U33: 2860.1712
C34: Исключенные работы | D34: -2096.003 | E34: -241.65537 | F34: -1353.8442 | G34: -465.85111 | H34: =SUM(D34:G34) -> -4157.3537 | I34: =-631.03 -> -631.03 | O34: =SUM(O35:O38) -> -666.56 | Q34: =SUM(Q35:Q38) -> -3864.88
C35: Добавленные работы | D35: 5551.4029 | E35: 43.7799 | F35: 2853.851 | G35: 0 | H35: =SUM(D35:G35) -> 8449.0338 | I35: 792.94 | O35: -332.86 | Q35: -1874.73
A36: 4 | C36: Водопровод и канализация | J36: =(H37+H38+H39)/$L$17 -> 3.425869 | O36: -13.34 | Q36: -217.55
B37: 02-01-04 | C37: По утвержденной смете | D37: =430597.75/1000 -> 430.59775 | E37: 0 | F37: =4313.99/1000 -> 4.31399 | G37: =51.49/1000 -> 0.05149 | H37: =SUM(D37:G37) -> 434.96323 | I37: =104583.97/1000 -> 104.58397 | O37: -291.88 | Q37: -1306.75
C38: Исключенные работы | D38: -303.22303 | E38: 0 | F38: -4.31399 | G38: 0 | H38: =SUM(D38:G38) -> -307.53702 | I38: -64.81 | O38: -28.48 | Q38: -465.85
C39: Добавленные работы | D39: 2353.474 | E39: 0 | F39: 1818.5352 | G39: 1.74306 | H39: =SUM(D39:G39) -> 4173.7523 | I39: 498.3 | O39: -34.02 | Q39: -631.03
A40: 5 | C40: Автоматизация вентиляции | J40: =(H41+H42+H43)/$L$17 -> 0.60540584 | O40: -2460.8 | Q40: -2460.8
B41: 02-01-05 | C41: По утвержденной смете | D41: 0 | E41: 154.63 | F41: 75.5 | G41: 34.83 | H41: =SUM(D41:G41) -> 264.96 | I41: 59.14 | L41: 1263.98
C42: Исключенные работы | D42: 0 | E42: -148.36443 | F42: -75.49927 | G42: 0 | H42: =SUM(D42:G42) -> -223.8637 | I42: =(41180.37/1000)*-1 -> -41.18037 | L42: 414.99 | O42: =O43+O44+O45+O46 -> 0 | P42: =P43+P44+P45+P46 -> 0 | Q42: 63.48 | R42: 1570.01
C43: Добавленные работы | D43: 342.37428 | E43: 376.61645 | F43: 0 | G43: 0 | H43: =SUM(D43:G43) -> 718.99073 | I43: 314.95 | L43: 848.99 | Q43: 41.22 | R43: 721.01
A44: 6 | C44: Технологическое оборудование | J44: =(H45+H46+H47)/$L$17 -> 5.5636899 | Q44: 22.26 | R44: 849
B45: 02-01-06 | C45: По утвержденной смете | D45: 13.13 | E45: 65.11 | F45: 4908.43 | H45: =SUM(D45:G45) -> 4986.67 | I45: 32.75 | Q45: 0 | R45: 0
C46: Исключенные работы | D46: -4.49821 | E46: -65.11005 | F46: -4797.822 | G46: 0 | H46: =SUM(D46:G46) -> -4867.4303 | I46: =(6032.68/1000)*-1 -> -6.03268 | Q46: 0 | R46: 0
C47: Добавленные работы | D47: 0 | E47: 168.43166 | F47: 6697.5413 | G47: 0 | H47: =SUM(D47:G47) -> 6865.973 | I47: 87.03 | Q47: 5.72749 | R47: 314.95469
A48: 7 | C48: Система контроля и управления доступом | J48: =(H49+H50+H51)/$L$17 -> 2.5546869 | O48: 183.15 | P48: 3468.53
B49: 02-01-07 | C49: По утвержденной смете | D49: 7.82 | E49: 17.46 | F49: 17.42 | G49: 1.49 | H49: =SUM(D49:G49) -> 44.19 | I49: 9.48 | O49: 29.29 | P49: 260.54
C50: Исключенные работы | D50: -7.81841 | E50: -14.98643 | F50: -17.42224 | G50: -1.48668 | H50: =SUM(D50:G50) -> -41.71376 | I50: =8174.15 /1000*-1 -> -8.17415 | O50: 20.52 | P50: 828.46
C51: Добавленные работы | D51: 187.14537 | E51: 637.16571 | F51: 2380.6221 | G51: 0 | H51: =SUM(D51:G51) -> 3204.9332 | I51: 316.42 | O51: 133.34 | P51: 2379.53
A52: 8 | C52: Система охранно-пожарной сигнализации и оповещения | J52: =(H53+H54+H55)/$L$17 -> 3.9088897 | L52: -281.11 | N52: 4761.06 | O52: 0 | P52: 0
B53: 02-01-08 | C53: По утвержденной смете | D53: 36.03 | E53: 461.79 | F53: 424.4 | G53: 34.83 | H53: =SUM(D53:G53) -> 957.05 | I53: 173.88 | L53: -5.81 | N53: 1091.05 | O53: 5.75407 | P53: 316.41633
C54: Исключенные работы | D54: -36.02532 | E54: -312.11736 | F54: -417.42021 | G54: 0 | H54: =SUM(D54:G54) -> -765.56289 | I54: =(92236.15 /1000)*-1 -> -92.23615 | L54: -48.54 | N54: 2000.96
C55: Добавленные работы | D55: 1086.873 | E55: 1960.1983 | F55: 1669.0526 | G55: 0 | H55: =SUM(D55:G55) -> 4716.1239 | I55: 763.01 | L55: -226.75 | N55: 1669.05 | O55: 621.42 | P55: 6954.86 | Q55: =SUM(Q56:Q59) -> -4812.03
A56: 9 | C56: Видеонаблюдение | J56: =(H57+H58+H59)/$L$17 -> 5.5165354 | L56: 0 | N56: 0 | O56: 0 | P56: 0 | Q56: -2.88
B57: 02-01-09 | C57: По утвержденной смете | D57: 10.89 | E57: 136.1 | F57: 615.46 | G57: 34.83 | H57: =SUM(D57:G57) -> 797.28 | I57: 56.72 | L57: -4.97 | N57: 763.00716 | O57: 4.51 | P57: 212.49 | Q57: -11.33
C58: Исключенные работы | D58: -10.89143 | E58: -111.86591 | F58: -615.46155 | G58: -34.83095 | H58: =SUM(D58:G58) -> -773.04984 | I58: =(46270.88 /1000)*-1 -> -46.27088 | L58: -382.33 | N58: -382.33 | O58: 616.91 | P58: 6742.37 | Q58: -4797.82
C59: Добавленные работы | D59: 1279.0051 | E59: 218.18474 | F59: 5404.5901 | G59: 0 | H59: =SUM(D59:G59) -> 6901.78 | I59: 130.54 | O59: 0 | P59: 0 | Q59: 0
A60: 10 | B60: 02-01-10 | C60: Сети связи | J60: =(H61+H62+H63)/$L$17 -> 1.8681536 | O60: 1.5827 | P60: 87.03267 | Q60: -6.03
C61: По утвержденной смете | D61: 139.82 | E61: 124.98 | F61: 503.6 | G61: 34.83 | H61: =SUM(D61:G61) -> 803.23 | I61: 100.36 | Q61: -24.72
C62: Исключенные работы | D62: -139.82214 | E62: -114.56808 | F62: -503.60198 | G62: -34.83095 | H62: =SUM(D62:G62) -> -792.82315 | I62: =(95724.47 /1000)*-1 -> -95.72447 | L62: 192.29 | M62: 3097.48 | N62: 7173.12
C63: Добавленные работы | D63: 771.97119 | E63: 788.29564 | F63: 774.79313 | G63: 0 | H63: =SUM(D63:G63) -> 2335.06 | I63: 443.96 | L63: 97.28 | M63: 1123.71 | N63: 1403.62
A64: 11 | C64: Охранно-защитная дератизационная система | J64: =(H65+H66+H67)/$L$17 -> 3.1142971e-06 | L64: 31.61 | M64: 1198.98 | N64: 347.03
B65: 02-01-11 | C65: По утвержденной смете | D65: 22.14 | E65: 61.7 | F65: 55.77 | G65: 34.83 | H65: =SUM(D65:G65) -> 174.44 | I65: 41.84 | L65: 63.4 | M65: 774.79 | N65: 5422.47
C66: Исключенные работы | D66: -22.13528 | E66: -61.70339 | F66: -55.76647 | G66: -34.83095 | H66: =SUM(D66:G66) -> -174.43609 | I66: -41.84 | L66: 0 | M66: 0 | N66: 0
C67: Добавленные работы | D67: 0 | E67: 0 | F67: 0 | G67: 0 | H67: =SUM(D67:G67) -> 0 | I67: 0 | L67: 8.2873 | M67: 443.95961 | N67: 130.53691
A68: 12 | C68: Оборудование для ММГН | J68: =(H69+H70+H71)/$L$17 -> 0.40582277
B69: 02-01-12 | C69: По утвержденной смете | D69: 278.38 | E69: 34.75 | F69: 30.42 | H69: =SUM(D69:G69) -> 343.55 | I69: 14.04
C70: Исключенные работы | D70: -195.32335 | E70: -30.09165 | F70: -27.6154 | G70: 0 | H70: =SUM(D70:G70) -> -253.0304 | I70: =(11200.12/1000)*-1 -> -11.20012
C71: Добавленные работы | D71: 415.93887 | E71: 3.05202 | F71: 0 | G71: 0 | H71: =SUM(D71:G71) -> 418.99089 | I71: 50.9 | L71: 929.69 | M71: 286.7 | N71: 2270.2
A72: 13 | C72: Мероприятия по антитеррору | L72: 824.68 | M72: 0 | N72: 0
C73: По утвержденной смете | D73: 0 | E73: 0 | F73: 0 | G73: 0 | H73: =SUM(D73:G73) -> 0 | I73: 0 | L73: 105.01 | M73: 0.06 | N73: 3.06
C74: Исключенные работы | D74: 0 | E74: 0 | F74: 0 | G74: 0 | H74: =SUM(D74:G74) -> 0 | I74: 0 | L74: 0 | M74: 286.64 | N74: 2267.14
B75: 02-01-16 | C75: Добавленные работы | D75: 0 | E75: 3.06451 | F75: 2267.1423 | G75: 0 | H75: =SUM(D75:G75) -> 2270.2068 | I75: 1.3 | L75: 0 | M75: 0 | N75: 0
A76: 14 | C76: Лифтовое хозяйство | J76: =(H77+H78+H79)/$L$17 -> 2.5875201 | L76: 50.90032 | M76: 0.02358 | N76: 1.29666
C77: По утвержденной смете | D77: 0 | E77: 0 | F77: 0 | G77: 0 | H77: =SUM(D77:G77) -> 0 | I77: 0
C78: Исключенные работы | D78: 0 | E78: 0 | F78: 0 | G78: 0 | H78: =SUM(D78:G78) -> 0 | I78: 0
B79: 02-01-17 | C79: Добавленные работы | D79: 0.2825 | E79: 1438.8741 | F79: 1809.4748 | G79: 0 | H79: =SUM(D79:G79) -> 3248.6314 | I79: 607.84 | L79: 268.88
C80: ИТОГО: | D80: =D81+D82+D83 -> 78160.5 | E80: =E81+E82+E83 -> 15227.091 | F80: =F81+F82+F83 -> 27360.428 | G80: =G81+G82+G83 -> 120.08296 | H80: =H81+H82+H83 -> 120868.1 | I80: =I81+I82+I83 -> 26008.025 | L80: 0.03 | M80: 0.28
C81: По утвержденной смете | D81: =D25+D29+D33+D37+D41+D45+D49+D53+D57+D61+D65+D69+D73+D77 -> 12142.028 | E81: =E25+E29+E33+E37+E41+E45+E49+E53+E57+E61+E65+E69+E73+E77 -> 3027.39 | F81: =F25+F29+F33+F37+F41+F45+F49+F53+F57+F61+F65+F69+F73+F77 -> 8148.864 | G81: =G25+G29+G33+G37+G41+G45+G49+G53+G57+G61+G65+G69+G73+G77 -> 725.00149 | H81: =H25+H29+H33+H37+H41+H45+H49+H53+H57+H61+H65+H69+H73+H77 -> 24043.283 | I81: =I25+I29+I33+I37+I41+I45+I49+I53+I57+I61+I65+I69+I77 -> 3525.874 | L81: 28.87 | M81: 1486.74
C82: Исключенные работы | D82: =D26+D30+D34+D38+D42+D46+D50+D54+D58+D62+D66+D70+D74+D78 -> -6398.3677 | E82: =E26+E30+E34+E38+E42+E46+E50+E54+E58+E62+E66+E70+E74+E78 -> -2013.8155 | F82: =F26+F30+F34+F38+F42+F46+F50+F54+F58+F62+F66+F70+F74+F78 -> -8028.4738 | G82: =G26+G30+G34+G38+G42+G46+G50+G54+G58+G62+G66+G70+G74+G78 -> -606.66159 | H82: =H26+H30+H34+H38+H42+H46+H50+H54+H58+H62+H66+H70+H74+H78 -> -17047.319 | I82: =I26+I30+I34+I38+I42+I46+I50+I54+I58+I62+I66+I70+I78 -> -1883.3788 | L82: 239.98 | M82: 1809.47
C83: Добавленные работы | D83: =D27+D31+D35+D39+D43+D47+D51+D55+D59+D63+D67+D71+D75+D79 -> 72416.84 | E83: =E27+E31+E35+E39+E43+E47+E51+E55+E59+E63+E67+E71+E75+E79 -> 14213.517 | F83: =F27+F31+F35+F39+F43+F47+F51+F55+F59+F63+F67+F71+F75+F79 -> 27240.038 | G83: =G27+G31+G35+G39+G43+G47+G51+G55+G59+G63+G67+G71+G75+G79 -> 1.74306 | H83: =H27+H31+H35+H39+H43+H47+H51+H55+H59+H63+H67+H71+H75+H79 -> 113872.14 | I83: =I27+I31+I35+I39+I43+I47+I51+I55+I59+I63+I67+I71+I75+I79 -> 24365.53 | L83: 0 | M83: 0
L84: 11.05373 | M84: 607.84462
A88: Главный инженер проекта
A89: С.Е. Михеев
A90: [подпись (инициалы, фамилия)]
A92: Главный инженер
A93: О.В. Новичков
A94: [подпись (инициалы, фамилия)]
A96: Составил
A97: И.А. Козлов
A98: [подпись (инициалы, фамилия)]
A100: Проверил
A101: Д.А. Ададимов
A102: [подпись (инициалы, фамилия)]

Sheet ОСР_09-01 баз
J2: Форма 3
B4: Корректировка проектной документации на капитальный ремонт ГБУДО г. Москвы «ДШИ «СТАРТ» по адресу: г. Москва, Глазовский переулок пер. 4, стр. 8
B5: (Наименование стройки)
A8: ОБЪЕКТНАЯ СМЕТА № | D8: ОС № 09-01
D9: (объектная смета)
A11: на строительство (капитальный ремонт) | D11: Корректировка проектной документации на капитальный ремонт ГБУДО г. Москвы «ДШИ «СТАРТ» по адресу: г. Москва, Глазовский переулок пер. 4, стр. 8. Пусконаладочные работы
A13: Сметная стоимость, тыс.руб. | D13: =H44 -> 53.74 | E13: тыс.руб.
A15: Средства на оплату труда | D15: =I44 -> 25.59 | E15: тыс.руб.
A17: Расчетный измеритель единичной стоимости | D17: =D13/L17 -> 0.042803664 | E17: тыс. руб./кв.м | L17: 1255.5 | M17: м2
A19: Составлен(а) в ценах по состоянию на 01.01.2000 г.
A21: № п/п | B21: Номера сметных расчетов (смет) | C21: Наименование работ и затрат | D21: Сметная стоимость, тыс.руб. | I21: Средства на оплату труда, тыс. руб. | J21: Показатели единичной стоимости, тыс. руб./кв.м
D22: строите-льных работ | E22: монтажных работ | F22: оборудо-вания, мебели, инвентаря | G22: прочих затрат | H22: Всего
A23: 1 | B23: 2 | C23: 3 | D23: 4 | E23: 5 | F23: 6 | G23: 7 | H23: 8 | I23: 9 | J23: 10
A24: 1 | C24: ПНР. ЭЛЕКТРОСНАБЖЕНИЕ | J24: =(H25+H26+H27)/$L$17 -> 0.0056630824
B25: 09-01-01 | C25: По утвержденной смете | D25: 0 | E25: 0 | F25: 0 | G25: 0 | H25: =SUM(D25:G25) -> 0 | I25: 0
C26: Исключенные работы | D26: 0 | E26: 0 | F26: 0 | G26: 0 | H26: =(SUM(D26:G26)) -> 0 | I26: 0 | L26: -1
C27: Добавленные работы | D27: 0 | E27: 0 | F27: 0 | G27: 7.11 | H27: =SUM(D27:G27) -> 7.11 | I27: 3.38
A28: 2 | C28: ПНР. Вентиляция | J28: =(H29+H30+H31)/$L$17 -> 0.00260454
B29: 09-01-02 | C29: По утвержденной смете | D29: 0 | E29: 0 | F29: 0 | G29: 0 | H29: =SUM(D29:G29) -> 0 | I29: 0
C30: Исключенные работы | D30: 0 | E30: 0 | F30: 0 | G30: 0 | H30: =SUM(D30:G30) -> 0 | I30: 0
C31: Добавленные работы | D31: 0 | E31: 0 | F31: 0 | G31: 3.27 | H31: =SUM(D31:G31) -> 3.27 | I31: 1.56
A32: 3 | C32: ПНР. Лифтовое хозяйство | J32: =(H33+H34+H35)/$L$17 -> 0.010067702
B33: 09-01-03 | C33: По утвержденной смете | D33: 0 | E33: 0 | F33: 0 | G33: 0 | H33: =SUM(D33:G33) -> 0 | I33: 0
C34: Исключенные работы | D34: 0 | E34: 0 | F34: 0 | G34: 0 | H34: =SUM(D34:G34) -> 0 | I34: 0
C35: Добавленные работы | D35: 0 | E35: 0 | F35: 0 | G35: 12.64 | H35: =SUM(D35:G35) -> 12.64 | I35: 6.02
A36: 4 | C36: ПНР. Сети связи | J36: =(H37+H38+H39)/$L$17 -> 0.023870968
B37: 09-01-04 | C37: По утвержденной смете | D37: 0 | E37: 0 | F37: 0 | G37: 0 | H37: =SUM(D37:G37) -> 0 | I37: 0
C38: Исключенные работы | D38: 0 | E38: 0 | F38: 0 | G38: 0 | H38: =SUM(D38:G38) -> 0 | I38: 0
C39: Добавленные работы | D39: 0 | E39: 0 | F39: 0 | G39: 29.97 | H39: =SUM(D39:G39) -> 29.97 | I39: 14.27
A40: 5 | C40: ПНР. Наружное освещение | J40: =(H41+H42+H43)/$L$17 -> 0.00059737157
B41: 09-01-05 | C41: По утвержденной смете | D41: 0 | E41: 0 | F41: 0 | G41: 0 | H41: =SUM(D41:G41) -> 0 | I41: 0
C42: Исключенные работы | D42: 0 | E42: 0 | F42: 0 | G42: 0 | H42: =SUM(D42:G42) -> 0 | I42: 0
C43: Добавленные работы | D43: 0 | E43: 0 | F43: 0 | G43: 0.75 | H43: =SUM(D43:G43) -> 0.75 | I43: 0.36
C44: ИТОГО: | D44: =D45+D46+D47 -> 0 | E44: =E45+E46+E47 -> 0 | F44: =F45+F46+F47 -> 0 | G44: =G45+G46+G47 -> 53.74 | H44: =H45+H46+H47 -> 53.74 | I44: =I45+I46+I47 -> 25.59
C45: По утвержденной смете | D45: =D25+D29+D33+D37+D41 -> 0 | E45: =E25+E29+E33+E37+E41 -> 0 | F45: =F25+F29+F33+F37+F41 -> 0 | G45: =G25+G29+G33+G37+G41 -> 0 | H45: =H25+H29+H33+H37+H41 -> 0 | I45: =I25+I29+I33+I37+I41 -> 0
C46: Исключенные работы | D46: =D26+D30+D34+D38+D42 -> 0 | E46: =E26+E30+E34+E38+E42 -> 0 | F46: =F26+F30+F34+F38+F42 -> 0 | G46: =G26+G30+G34+G38+G42 -> 0 | H46: =H26+H30+H34+H38+H42 -> 0 | I46: =I26+I30+I34+I38+I42 -> 0
C47: Добавленные работы | D47: =D27+D31+D35+D39+D43 -> 0 | E47: =E27+E31+E35+E39+E43 -> 0 | F47: =F27+F31+F35+F39+F43 -> 0 | G47: =G27+G31+G35+G39+G43 -> 53.74 | H47: =H27+H31+H35+H39+H43 -> 53.74 | I47: =I27+I31+I35+I39+I43 -> 25.59
A52: Главный инженер проекта
A53: С.Е. Михеев
A54: [подпись (инициалы, фамилия)]
A56: Главный инженер
A57: О.В. Новичков
A58: [подпись (инициалы, фамилия)]
A60: Составил
A61: И.А. Козлов
A62: [подпись (инициалы, фамилия)]
A64: Проверил
A65: Д.А. Ададимов
A66: [подпись (инициалы, фамилия)]

Sheet ОСР_09-01 тек
J2: Форма 3
B4: Корректировка проектной документации на капитальный ремонт ГБУДО г. Москвы «ДШИ «СТАРТ» по адресу: г. Москва, Глазовский переулок пер. 4, стр. 8
B5: (Наименование стройки)
A8: ОБЪЕКТНАЯ СМЕТА № | D8: ОС № 09-01
D9: (объектная смета)
A11: на строительство (капитальный ремонт) | D11: Корректировка проектной документации на капитальный ремонт ГБУДО г. Москвы «ДШИ «СТАРТ» по адресу: г. Москва, Глазовский переулок пер. 4, стр. 8. Пусконаладочные работы
A13: Сметная стоимость, тыс.руб. | D13: =H44 -> 2539.9594 | E13: тыс.руб.
A15: Средства на оплату труда | D15: =I44 -> 1406.77 | E15: тыс.руб.
A17: Расчетный измеритель единичной стоимости | D17: =D13/L17 -> 2.023066 | E17: тыс. руб./кв.м | L17: 1255.5 | M17: м2
A19: Составлен(а) в смешанном уровне цен по состоянию на март 2018 г. и III квартал 2025 года
A21: № п/п | B21: Номера сметных расчетов (смет) | C21: Наименование работ и затрат | D21: Сметная стоимость, тыс.руб. | I21: Средства на оплату труда, тыс. руб. | J21: Показатели единичной стоимости, тыс. руб./кв.м
D22: строите-льных работ | E22: монтажных работ | F22: оборудо-вания, мебели, инвентаря | G22: прочих затрат | H22: Всего
A23: 1 | B23: 2 | C23: 3 | D23: 4 | E23: 5 | F23: 6 | G23: 7 | H23: 8 | I23: 9 | J23: 10
A24: 1 | C24: ПНР. Электроснабжение | J24: =(H25+H26+H27)/$L$17 -> 0.24899041
B25: 09-01-01 | C25: По утвержденной смете | D25: 0 | E25: 0 | F25: 0 | G25: 0 | H25: =SUM(D25:G25) -> 0 | I25: 0
C26: Исключенные работы | D26: 0 | E26: 0 | F26: 0 | G26: 0 | H26: =(SUM(D26:G26)) -> 0 | I26: 0
C27: Добавленные работы | D27: 0 | E27: 0 | F27: 0 | G27: 312.60746 | H27: =SUM(D27:G27) -> 312.60746 | I27: 186.1
A28: 2 | C28: ПНР. Вентиляция | J28: =(H29+H30+H31)/$L$17 -> 0.1397254
B29: 09-01-02 | C29: По утвержденной смете | D29: 0 | E29: 0 | F29: 0 | G29: 0 | H29: =SUM(D29:G29) -> 0 | I29: 0
C30: Исключенные работы | D30: 0 | E30: 0 | F30: 0 | G30: 0 | H30: =SUM(D30:G30) -> 0 | I30: 0
C31: Добавленные работы | D31: 0 | E31: 0 | F31: 0 | G31: 175.42524 | H31: =SUM(D31:G31) -> 175.42524 | I31: 85.59
A32: 3 | C32: ПНР. Лифтовое хозяйство | J32: =(H33+H34+H35)/$L$17 -> 0.49619086
B33: 09-01-03 | C33: По утвержденной смете | D33: 0 | E33: 0 | F33: 0 | G33: 0 | H33: 0 | I33: 0
C34: Исключенные работы | D34: 0 | E34: 0 | F34: 0 | G34: 0 | H34: 0 | I34: 0
C35: Добавленные работы | D35: 0 | E35: 0 | F35: 0 | G35: 622.96762 | H35: =SUM(D35:G35) -> 622.96762 | I35: 330.84
A36: 4 | C36: ПНР. Сети связи | J36: =(H37+H38+H39)/$L$17 -> 1.1120375
B37: 09-01-04 | C37: По утвержденной смете | D37: 0 | E37: 0 | F37: 0 | G37: 0 | H37: =SUM(D37:G37) -> 0 | I37: 0
C38: Исключенные работы | D38: 0 | E38: 0 | F38: 0 | G38: 0 | H38: =SUM(D38:G38) -> 0 | I38: 0
C39: Добавленные работы | D39: 0 | E39: 0 | F39: 0 | G39: 1396.1631 | H39: =SUM(D39:G39) -> 1396.1631 | I39: 784.72
A40: 5 | C40: ПНР. Наружное освещение | J40: =(H41+H42+H43)/$L$17 -> 0.026121864
B41: 09-01-05 | C41: По утвержденной смете | D41: 0 | E41: 0 | F41: 0 | G41: 0 | H41: =SUM(D41:G41) -> 0 | I41: 0
C42: Исключенные работы | D42: 0 | E42: 0 | F42: 0 | G42: 0 | H42: =SUM(D42:G42) -> 0 | I42: 0
C43: Добавленные работы | D43: 0 | E43: 0 | F43: 0 | G43: 32.796 | H43: =SUM(D43:G43) -> 32.796 | I43: 19.52
C44: ИТОГО: | D44: =D45+D46+D47 -> 0 | E44: =E45+E46+E47 -> 0 | F44: =F45+F46+F47 -> 0 | G44: =G45+G46+G47 -> 2539.9594 | H44: =H45+H46+H47 -> 2539.9594 | I44: =I45+I46+I47 -> 1406.77
C45: По утвержденной смете | D45: =D25+D29+D33+D37+D41 -> 0 | E45: =E25+E29+E33+E37+E41 -> 0 | F45: =F25+F29+F33+F37+F41 -> 0 | G45: =G25+G29+G33+G37+G41 -> 0 | H45: =H25+H29+H33+H37+H41 -> 0 | I45: =I25+I29+I33+I37+I41 -> 0
C46: Исключенные работы | D46: =D26+D30+D34+D38+D42 -> 0 | E46: =E26+E30+E34+E38+E42 -> 0 | F46: =F26+F30+F34+F38+F42 -> 0 | G46: =G26+G30+G34+G38+G42 -> 0 | H46: =H26+H30+H34+H38+H42 -> 0 | I46: =I26+I30+I34+I38+I42 -> 0
C47: Добавленные работы | D47: =D27+D31+D35+D39+D43 -> 0 | E47: =E27+E31+E35+E39+E43 -> 0 | F47: =F27+F31+F35+F39+F43 -> 0 | G47: =G27+G31+G35+G39+G43 -> 2539.9594 | H47: =H27+H31+H35+H39+H43 -> 2539.9594 | I47: =I27+I31+I35+I39+I43 -> 1406.77
A52: Главный инженер проекта
A53: С.Е. Михеев
A54: [подпись (инициалы, фамилия)]
A56: Главный инженер
A57: О.В. Новичков
A58: [подпись (инициалы, фамилия)]
A60: Составил
A61: И.А. Козлов
A62: [подпись (инициалы, фамилия)]
A64: Проверил
A65: Д.А. Ададимов
A66: [подпись (инициалы, фамилия)]

Sheet ОСР_09-02 баз 
J2: Форма 3
B4: Корректировка проектной документации на капитальный ремонт ГБУДО г. Москвы «ДШИ «СТАРТ» по адресу: г. Москва, Глазовский переулок пер. 4, стр. 8
B5: (Наименование стройки)
A8: ОБЪЕКТНАЯ СМЕТА № | D8: ОС № 09-02
D9: (объектная смета)
A11: на строительство (капитальный ремонт) | D11: Корректировка проектной документации на капитальный ремонт ГБУДО г. Москвы «ДШИ «СТАРТ» по адресу: г. Москва, Глазовский переулок пер. 4, стр. 8. Утилизация отходов
A13: Сметная стоимость, тыс.руб. | D13: =H36 -> 87.89 | E13: тыс.руб.
A15: Средства на оплату труда | D15: =I36 -> 0 | E15: тыс.руб.
A17: Расчетный измеритель единичной стоимости | D17: =D13/L17 -> 0.070003982 | E17: тыс. руб./кв.м | L17: 1255.5 | M17: м2
A19: Составлен(а) в ценах по состоянию на 01.01.2000 г.
A21: № п/п | B21: Номера сметных расчетов (смет) | C21: Наименование работ и затрат | D21: Сметная стоимость, тыс.руб. | I21: Средства на оплату труда, тыс. руб. | J21: Показатели единичной стоимости, тыс. руб./кв.м
D22: строите-льных работ | E22: монтажных работ | F22: оборудо-вания, мебели, инвентаря | G22: прочих затрат | H22: Всего | M22: 22.49 | N22: 133.01
A23: 1 | B23: 2 | C23: 3 | D23: 4 | E23: 5 | F23: 6 | G23: 7 | H23: 8 | I23: 9 | J23: 10
A24: 1 | C24: Утилизация отходов КР | J24: =(H25+H26+H27)/$L$17 -> 0.00070888092
B25: 09-02-01 | C25: По утвержденной смете | D25: 0 | E25: 0 | F25: 0 | G25: 0 | H25: =SUM(D25:G25) -> 0 | I25: 0
C26: Исключенные работы | D26: 0 | E26: 0 | F26: 0 | G26: 0 | H26: =(SUM(D26:G26)) -> 0 | I26: 0
C27: Добавленные работы | D27: 0 | E27: 0 | F27: 0 | G27: 0.89 | H27: =SUM(D27:G27) -> 0.89 | I27: 0
A28: 2 | C28: Утилизация отходов АР | J28: =(H29+H30+H31)/$L$17 -> 0.054368777
B29: 09-02-02 | C29: По утвержденной смете | D29: 0 | E29: 0 | F29: 0 | G29: 0 | H29: =SUM(D29:G29) -> 0 | I29: 0
C30: Исключенные работы | D30: 0 | E30: 0 | F30: 0 | G30: 0 | H30: =SUM(D30:G30) -> 0 | I30: 0
C31: Добавленные работы | D31: 0 | E31: 0 | F31: 0 | G31: 68.26 | H31: =SUM(D31:G31) -> 68.26 | I31: 0
A32: 3 | C32: Утилизация отходов ПЗУ | J32: =(H33+H34+H35)/$L$17 -> 0.014926324
B33: 09-02-03 | C33: По утвержденной смете | D33: 0 | E33: 0 | F33: 0 | G33: 0 | H33: =SUM(D33:G33) -> 0 | I33: 0
C34: Исключенные работы | D34: 0 | E34: 0 | F34: 0 | G34: 0 | H34: =SUM(D34:G34) -> 0 | I34: 0
C35: Добавленные работы | D35: 0 | E35: 0 | F35: 0 | G35: 18.74 | H35: =SUM(D35:G35) -> 18.74 | I35: 0
C36: ИТОГО: | D36: =D37+D38+D39 -> 0 | E36: =E37+E38+E39 -> 0 | F36: =F37+F38+F39 -> 0 | G36: =G37+G38+G39 -> 87.89 | H36: =H37+H38+H39 -> 87.89 | I36: =I37+I38+I39 -> 0
C37: По утвержденной смете | D37: =D25+D29+D33 -> 0 | E37: =E25+E29+E33 -> 0 | F37: =F25+F29+F33 -> 0 | G37: =G25+G29+G33 -> 0 | H37: =H25+H29+H33 -> 0 | I37: =I25+I29+I33 -> 0
C38: Исключенные работы | D38: =D26+D30+D34 -> 0 | E38: =E26+E30+E34 -> 0 | F38: =F26+F30+F34 -> 0 | G38: =G26+G30+G34 -> 0 | H38: =H26+H30+H34 -> 0 | I38: =I26+I30+I34 -> 0
C39: Добавленные работы | D39: =D27+D31+D35 -> 0 | E39: =E27+E31+E35 -> 0 | F39: =F27+F31+F35 -> 0 | G39: =G27+G31+G35 -> 87.89 | H39: =H27+H31+H35 -> 87.89 | I39: =I27+I31+I35 -> 0
A44: Главный инженер проекта
A45: С.Е. Михеев
A46: [подпись (инициалы, фамилия)]
A48: Главный инженер
A49: О.В. Новичков
A50: [подпись (инициалы, фамилия)]
A52: Составил
A53: И.А. Козлов
A54: [подпись (инициалы, фамилия)]
A56: Проверил
A57: Д.А. Ададимов
A58: [подпись (инициалы, фамилия)]

Sheet ОСР_09-02 тек
J2: Форма 3
B4: Корректировка проектной документации на капитальный ремонт ГБУДО г. Москвы «ДШИ «СТАРТ» по адресу: г. Москва, Глазовский переулок пер. 4, стр. 8
B5: (Наименование стройки)
A8: ОБЪЕКТНАЯ СМЕТА № | D8: ОС № 09-02
D9: (объектная смета)
A11: на строительство (капитальный ремонт) | D11: Корректировка проектной документации на капитальный ремонт ГБУДО г. Москвы «ДШИ «СТАРТ» по адресу: г. Москва, Глазовский переулок пер. 4, стр. 8. Утилизация отходов
A13: Сметная стоимость, тыс.руб. | D13: =H36 -> 654.44848 | E13: тыс.руб.
A15: Средства на оплату труда | D15: =I36 -> 0 | E15: тыс.руб.
A17: Расчетный измеритель единичной стоимости | D17: =D13/L17 -> 0.52126522 | E17: тыс. руб./кв.м | L17: 1255.5 | M17: м2
A19: Составлен(а) в смешанном уровне цен по состоянию на март 2018 г. и III квартал 2025 года
A21: № п/п | B21: Номера сметных расчетов (смет) | C21: Наименование работ и затрат | D21: Сметная стоимость, тыс.руб. | I21: Средства на оплату труда, тыс. руб. | J21: Показатели единичной стоимости, тыс. руб./кв.м
D22: строите-льных работ | E22: монтажных работ | F22: оборудо-вания, мебели, инвентаря | G22: прочих затрат | H22: Всего | N22: 68.26 | O22: 426.01
A23: 1 | B23: 2 | C23: 3 | D23: 4 | E23: 5 | F23: 6 | G23: 7 | H23: 8 | I23: 9 | J23: 10 | N23: 0 | O23: 0
A24: 1 | C24: Утилизация отходов КР | J24: =(H25+H26+H27)/$L$17 -> 0.0025752529 | N24: 0 | O24: 0
B25: 09-02-01 | C25: По утвержденной смете | D25: 0 | E25: 0 | F25: 0 | G25: 0 | H25: =SUM(D25:G25) -> 0 | I25: 0 | N25: 0 | O25: 0
C26: Исключенные работы | D26: 0 | E26: 0 | F26: 0 | G26: 0 | H26: =(SUM(D26:G26)) -> 0 | I26: 0 | N26: 68.26 | O26: 426.01
C27: Добавленные работы | D27: 0 | E27: 0 | F27: 0 | G27: 3.23323 | H27: =SUM(D27:G27) -> 3.23323 | I27: 0 | N27: 0 | O27: 0
A28: 2 | C28: Утилизация отходов АР | J28: =(H29+H30+H31)/$L$17 -> 0.39960628
B29: 09-02-02 | C29: По утвержденной смете | D29: 0 | E29: 0 | F29: 0 | G29: 0 | H29: =SUM(D29:G29) -> 0 | I29: 0
C30: Исключенные работы | D30: 0 | E30: 0 | F30: 0 | G30: 0 | H30: =SUM(D30:G30) -> 0 | I30: 0
C31: Добавленные работы | D31: 0 | E31: 0 | F31: 0 | G31: 501.70568 | H31: =SUM(D31:G31) -> 501.70568 | I31: 0
A32: 3 | C32: Утилизация отходов ПЗУ | J32: =(H33+H34+H35)/$L$17 -> 0.11908369
B33: 09-02-03 | C33: По утвержденной смете | D33: 0 | E33: 0 | F33: 0 | G33: 0 | H33: =SUM(D33:G33) -> 0 | I33: 0
C34: Исключенные работы | D34: 0 | E34: 0 | F34: 0 | G34: 0 | H34: =SUM(D34:G34) -> 0 | I34: 0 | L34: 22.49 | M34: 133.01
C35: Добавленные работы | D35: 0 | E35: 0 | F35: 0 | G35: 149.50957 | H35: =SUM(D35:G35) -> 149.50957 | I35: 0
C36: ИТОГО: | D36: =D37+D38+D39 -> 0 | E36: =E37+E38+E39 -> 0 | F36: =F37+F38+F39 -> 0 | G36: =G37+G38+G39 -> 654.44848 | H36: =H37+H38+H39 -> 654.44848 | I36: =I37+I38+I39 -> 0
C37: По утвержденной смете | D37: =D25+D29+D33 -> 0 | E37: =E25+E29+E33 -> 0 | F37: =F25+F29+F33 -> 0 | G37: =G25+G29+G33 -> 0 | H37: =H25+H29+H33 -> 0 | I37: =I25+I29+I33 -> 0
C38: Исключенные работы | D38: =D26+D30+D34 -> 0 | E38: =E26+E30+E34 -> 0 | F38: =F26+F30+F34 -> 0 | G38: =G26+G30+G34 -> 0 | H38: =H26+H30+H34 -> 0 | I38: =I26+I30+I34 -> 0
C39: Добавленные работы | D39: =D27+D31+D35 -> 0 | E39: =E27+E31+E35 -> 0 | F39: =F27+F31+F35 -> 0 | G39: =G27+G31+G35 -> 654.44848 | H39: =H27+H31+H35 -> 654.44848 | I39: =I27+I31+I35 -> 0
A44: Главный инженер проекта
A45: С.Е. Михеев
A46: [подпись (инициалы, фамилия)]
A48: Главный инженер
A49: О.В. Новичков
A50: [подпись (инициалы, фамилия)]
A52: Составил
A53: И.А. Козлов
A54: [подпись (инициалы, фамилия)]
A56: Проверил
A57: Д.А. Ададимов
A58: [подпись (инициалы, фамилия)]
